Workbook
Name _16_неделя_2021: #REF!
Name _16_неделя_2021: #REF!
Name ALVPRX: #REF!
Name ALVPRX: #REF!
Name art: #REF!
Name art: #REF!
Name ast: #REF!
Name ast: #REF!
Name astkl: #REF!
Name astsk: #REF!
Name astsklad: #REF!
Name bron: #REF!
Name cher: #REF!
Name cheras: #REF!
Name chercher: #REF!
Name cherhug: #REF!
Name cherp: #REF!
Name cherr: #REF!
Name chertab: #REF!
Name CHUR: #REF!
Name COMPALV: #REF!
Name dost: #REF!
Name Excel_BuiltIn_Print_Area_2: #REF!
Name Excel_BuiltIn_Print_Area_2_1: #REF!
Name Excel_BuiltIn_Print_Area_2_1_1: #REF!
Name fff: #REF!
Name ffive: #REF!
Name fin: [1]Лист2!$A$1:$C$339
Name final: [1]Лист2!$A$2:$B$339
Name five: #REF!
Name five: #REF!
Name ger: #REF!
Name ger: #REF!
Name hg: #REF!
Name hg: #REF!
Name hgn: #REF!
Name hoog: #REF!
Name hug: #REF!
Name hugeh: #REF!
Name hugen: #REF!
Name hugenhgn: #REF!
Name hugg: #REF!
Name huggen: #REF!
Name huggg: #REF!
Name huhughug: #REF!
Name HYDNUM: #REF!
Name klast: #REF!
Name klient: #REF!
Name lodold: #REF!
Name neg: #REF!
Name negot: #REF!
Name newheko: '[2]рабочий 2022'!$A$10:$L$1012
Name newhugen: #REF!
Name newhugen: #REF!
Name nid: #REF!
Name nid: #REF!
Name nl: #REF!
Name nl: #REF!
Name nlkl: #REF!
Name notready: #REF!

Sheet Условия работы
B13: ✓ | C13: Для оформления договорных документов:
B14: Индивидуальным предпринимателям: | H14: Юридическим лицам:
C15: ● Копию свидетельства ЕГРИП | H15: ● | I15: Копию Устава
C16: ● Копию ИНН | H16: ● | I16: Копию выписки из ЕГРЮЛ
C17: ● Копию паспорта | H17: ● | I17: Копию уведомления УСН или ЕНВД
C18: ● Копию уведомления УСН или ЕНВД | H18: ● | I18: Карточку с реквизитами предприятия
B20: ✓ | C20: Для обеспечения высокого сервиса обслуживания и правильного понимания Ваших потребностей:
C21: ● Заполненную Анкету клиента (шаблон необходимо запросить у Вашего менеджера)
B26: ✓ | C26: Заказ должен быть заполнен в форме настоящего Прайс-листа и:
C27: ● Соответствовать его требованиям к общему минимальному заказу
C28: ● Соответствовать его требованиям к минимальному заказу / кратности на сорт
B29: ✓ | C29: Бронирование заказа осуществляется исключительно после внесения аванса для бронирования
B30: ✓ | C30: Бронирование и предварительные подтверждения по заказам предоставляются до момента выпуска Производителем готовой продукции на основании его прогнозных данных. В процессе производства эти данные могут неоднократно изменяться по независящим от Производителя причинам (пример: погодные катаклизмы)
C31: ● Исходя из этой информации Вам необходимо принять решение о сроках размещения заказа:
C32: - разместить заказ заранее и иметь возможность бронирования максимально широкого ассортимента продукции, но быть готовым к тому, что информация о первоначальном подтверждении по заказу может меняться
C33: - разместить заказ ближе к дате отгрузки из доступного на тот момент стока (как правило, небольшого по ассортименту), но сразу получить более стабильное подтверждение
B34: ✓ | C34: В связи с динамично меняющимися свободными остатками часть заказа или заказ полностью могут быть не подтверждены
C35: ● Чем больше времени проходит с момента выставления счета на оплату до момента поступления оплаты на наш р/счет, тем выше вероятность неподтверждений
C36: ● В случае неподтверждения заказа мы возвращаем аванс, либо, при Вашем согласии, взамен неподтвержденных сортов предлагаем замены
B37: ✓ | C37: После внесения аванса для бронирования, частичный или полный отказ от заказа по Вашей инициативе не возможны.
B41: ✓ | C41: На протяжения всего периода работы мы будем информировать Вас обо всех изменениях, связанных с исполнением заказа
B42: ✓ | C42: Вам необходимо своевременно и в полном объеме производить все оплаты по заказу
C43: ● В случае нарушения сроков оплаты по заказу, предусмотренных условиями Прайс-листа, мы оставляем за собой право аннулировать Ваш заказ и направить товар в свободную продажу. Возврат внесенных по заказу авансов будет произведен в течение 10 дней после полной реализации заказа за минусом понесенных нами затрат на доставку, сборку, хранение и прочих
B44: ✓ | C44: Мы уведомим Вас о дате готовности Товара к отгрузке
C45: ● Вам будет необходимо осуществить приемку Товара оговоренным способом в срок, не превышающий 3-х рабочих дней с момента уведомления.
B46: ✓ | C46: Товары отгружаются с нашего склада на условиях самовывоза или путем организации доставки нашими силами, но за Ваш счет
C47: ● Во избежание длительного ожидания получения заказа в очереди, отгрузка товаров с нашего склада производится на основании Графика отгрузки
C48: ● Включение заказа в график отгрузки производится после полной его оплаты и, в случае необходимости доставки заказа до терминала транспортной компании, после предоставления Вами Доверенности на право передачи заказа в транспортную компанию.
C49: ● График отгрузки утверждается не позднее 14:00 дня предшествующего отгрузке. Поэтому при оплате заказа или предоставлении доверенности после 14:00 заказ может быть включен в График отгрузки не ранее, чем через один рабочий день.
B50: ✓ | C50: Мы не несем ответственности за частичную недопоставку заказа, вызванную неурожаем, либо гибелью растений по причине рисков хранения у Производителя, а также рисков связанных с изъятием сотрудниками таможни образцов товара для взятия проб в целях фитосанитарного контроля
B52: ✓ | C52: Во время выкопки выдача растений осуществляется не раннее 6-12 дней после оплаты заказа.
B53: ✓ | C53: Сроки выкопки и выдачи растений могут изменяться в зависимости от погодных условий.
B57: ✓ | C57: Мы предоставляем услуги по доставке заказов:
C58: ● До адреса Покупателя (По Москве и МО)
C59: ● До терминала любой транспортной компании в г. Москве
B60: ✓ | C60: Вы самостоятельно выбираете транспортную компанию, определяете условия доставки заказа транспортной компанией в пункт назначения и направляете нам четкое задание на передачу груза в форме Доверенности
C61: ● Мы осуществляем передачу товара в транспортную компанию строго в соответствии с требованиями, указанными Вами в бланке доверенности
C62: ● Право собственности на Товар и риск случайной гибели переходят к Вам с момента передачи нами Товара в транспортную компанию
C63: ● Мы не несем ответственности за потерю качества товара в период его доставки транспортной компанией
B68: ✓ | C68: Если мы передаем Товар, собранный в закрытую тару (в упаковке Производителя) или Вы физически не имеете возможности произвести детальную приемку Товара при его отгрузке, то имеете право в течение 3-х рабочих дней с момента получения Товара, сообщить нам об обнаруженных недостатках путем предъявления претензии
C69: ● Претензия должна быть составлена в письменном виде по установленной нами форме. Шаблон формы претензии мы высылаем по запросу
B70: ✓ | C70: Мы принимаем к рассмотрению претензии:
C71: ● только подтвержденные фотографиями каждой единицы Товара и тары
C72: ● к качеству и/или количеству поставленного товара по его состоянию на момент получения и не принимаем и не рассматриваем претензии к гибели товара случившейся в процессе Вашей производственной деятельности по выращиванию/доращиванию готовой продукции (исключения составляют претензии к пересорту, которые можно выявить только на определенных этапах роста растений).
C73: ● если совокупная сумма в ней по качеству и количеству, превышает:
C74: - 4% от общей суммы поставленной партии Товара при заказе до 4500 евро / до 300 000 руб
C75: - 3% от общей суммы поставленной партии Товара при заказе от 4501 до 10000 евро / от 300 001 до 700 000 руб
C76: - 2% от общей суммы поставленной партии Товара при заказе свыше 10000 евро / свыше 700 000 руб от общей суммы поставленной партии Товара
C77: ● при предоставлении документов, подтверждающих перевозку с соблюдением необходимого температурного режима (при нахождении товара в пути более 4-х суток)
C78: ● при соблюдении Вами сроков получения Товара с нашего склада
B79: ✓ | C79: Мы обязаны рассмотреть претензию в течение 30 рабочих дней с момента ее получения. В случае, если рассмотрение претензии зависит от решения сторонних организаций (производителя Товара, транспортной компании и т.п.) срок рассмотрения претензии может быть увеличен
C80: ● в случае принятия претензии на бракованный товар, Вам необходимо будет произвести его возврат в наш адрес за свой счет в течение 14 календарных дней с момента принятия претензии, если не будут согласованы иные способы решения
C81: ● в случае удовлетворения претензии производителем на Товар, стоимость которого была рассчитана путем калькуляции стоимости растений и стоимости доставки, мы произведем компенсацию только стоимость растений, без учёта доставки и прочих накладных расходов
B86: ✓ | C86: Понедельник - пятница с 9:00 до 18:00

Sheet Калькулятор
B2: =Предзаказ_осень2026!R18 -> 0 | C2: шт, количество растений | J2: Дорогие партнеры, мы делаем всё возможное, чтобы как можно лучше обеспечить вас качественным посадочным материалом. И хотим честно вас предупредить, что при сильном изменении ситуации на рынке и в мире, которые могут повлечь за собой удорожание стоимости Транспортной перевозки и/или КДП, мы оставляем за собой право пересмотреть цены и условия по настоящему предложению в любое время до момента передачи вам товара.
B3: =Предзаказ_осень2026!R19 -> 0 | C3: итоговая сумма за растения
B4: Не выбрано! | C4: ← Выберите период поставки
B5: на р/счет | C5: ← Выберите способ оплаты
B6: =IF(B5="в кассу",0%,IF(B5="на р/счет",15%,"выберите способ оплаты!")) -> 0.15 | C6: Комиссия за ден. переводы (КДП)
B8: Растения
B9: =SUM(Предзаказ_осень2026!V536:V1105) -> 0 | C9: Количество растений | J9: Стоимость товара иностранного производства, тары, услуги доставки, комиссии за денежный перевод на момент размещения заказа являются ориентировочными/приблизительными. Конечную стоимость Вашего заказа с деталями дополнительных услуг вы сможете расчитать вместе с нашим менеджером.
B10: =B3 -> 0 | C10: Предварительная сумма за растения без КДП | G10: =B3 -> 0
B11: =IF(B6="выберите способ оплаты!","выберите способ оплаты!",B6*G10) -> 0 | C11: Сумма КДП на растения | G11: =IF(B6="выберите способ оплаты!"," - ₽",B6*G10) -> 0
B12: =IF(B6="выберите способ оплаты!","выберите способ оплаты!",B11+B10) -> 0 | C12: Итоговая сумма за растения с КДП | G12: =IF(B6="выберите способ оплаты!"," - ₽",G11+G10) -> 0
B14: ДОРОГОЙ КЛИЕНТ!
B15: Для Вашего удобства мы разрабатываем максимально подробный и прозрачный формат расчета вместимости в тару и доставки.
B16: Просим Вас отнестись с понимание и участием.
B17: Компания Садовая палитра будет Вам благодарна за комментарии и советы по улучшению качества обслуживания!
B19: Доп. услуги (в разработке) | C19: =IF(AND(OR(B20="Навалом",B20="Не выбрано!"),OR(B21="Самовывоз",B21="Не выбрано!")),"",IF(COUNTIF(R74:R82,"В заказе присутствуют крупногабартиные растения, требуется корректировка расчета нашим логистом!")>0,"В заказе присутствуют крупногабартиные растения, требуется корректировка расчета нашим логистом!",""))
B20: Не выбрано! | C20: ← Выберите способ отгрузки растений | K20: *Тара платная, выберете в калькуляторе способ отгрузки Ваших растений: навалом или в тару.
B21: Не выбрано! | C21: ← Выберите способ доставки | E21: *Навалом в транспортную компанию НЕ отгружаем! | K21: Если Ваш груз упакован в разную тару - Вас ждет индивидуальный расчет упаковки растений.
C22: =IF(B21="Доставка до клиента","← Введите расстояние до вас в км",IF(AND(B21="Доставка до ТК",B20="Навалом"),"Отгрузка навалом в ТК невозможна! Выберите другой способ!","")) | K22: *Доставка платная до ближайшего к нашему складу терминала ТК: ПЭК, ЖелДорЭкспедиция, Вера-1.
B23: =IF(B20="Навалом",0,IF(B20="В таре",R85,0)) -> 0 | C23: Предварительная сумма за тару без КДП | K23: Стандартная стоимость доставки до ТК 3000 рублей за 5 и более ПМ.
B24: =IF(B21="Самовывоз",0,IF(B21="Доставка до ТК",IF(B6="выберите способ оплаты!","выберите способ оплаты!",IF(B20<>"Навалом",ROUNDUP(R86,0)*3000,"выберите отгрузку в таре!")),IF(B21="Доставка до клиента",IF(B22="","введите расстояние!",R87),0))) -> 0 | C24: Предварительная сумма за доставку без КДП | K24: Если в заказе менее 5 ПМ - расчет стоимости доставки индивидуальный.
B25: =IF(B6="выберите способ оплаты!","выберите способ оплаты!",B23+B23*B6) -> 0 | C25: Итоговая сумма за тару с КДП (ориентировочно) | K25: *Доставка платная до Вашего адреса.
B26: =IF(B6="выберите способ оплаты!","выберите способ оплаты!",IF(B24="выберите отгрузку в таре!","выберите отгрузку в таре!",IF(B24="введите расстояние!","введите расстояние!",B24+B24*B6))) -> 0 | C26: Итоговая сумма за доставку с КДП (ориентировочно)
B29: =IFERROR(B12+B25+B26,"заполните все параметры") -> 0 | C29: Сумма к оплате (ориентировочно) | G29: *Итоговую сумму заказа составляют: стоимость растений+стоимость тары+стоимость доставки+комиссия за ден переводы.
B38: СПРАВОЧНАЯ вместимость в тару, шт | D38: Точный расчет количества и стоимости тары - после формирования Вашего заказа. | K38: СПРАВОЧНЫЙ расчет объёма заказа | O38: Точный расчет объема - после формирования Вашего заказа.
B40: Контейнер/Тара | D40: Ящик пластиковый 60*40*22 40шт на ПМ | E40: Ящик деревянный 100*120*100 2шт на ПМ | F40: Кольцо 100*120*40 | G40: Поддон 100*120*12 | H40: Бокс для выкопки нестандарт (до 140+) до ТК | I40: Крышка для Ящика деревянного 100*120*2 | K40: Кол-во растений в заказе, шт | L40: Предварительный вес заказа, кг | M40: Ящик пластиковый 60*40*30 40 штук на ПМ | N40: Ящик деревянный 100*120*100 1/2 ПМ | O40: Кольцо 100*120*40 1 шт на 1ПМ (не ТК, клиенту в фуру) | P40: Поддон 100*120*20 | Q40: Бокс для выкопки нестандарт (до 140+) до ТК | R40: ИТОГО
B41: Цена за тару | C41: Вес растения | D41: 350 | E41: 3900 | F41: 1600 | G41: 400 | H41: 5500 | I41: 400
B42: P7 | C42: 0.5 | D42: 40 | E42: 1500 справочно | F42: 700 справочно | K42: =SUMIF(Предзаказ_осень2026!#REF!,Калькулятор!B42,Предзаказ_осень2026!#REF!) -> #REF! | L42: =C42*K42 -> #REF! | M42: =K42/D42 -> #REF!
B43: P9 | C43: 0.55 | D43: 24 | E43: 1000 справочно | F43: 400 справочно | K43: =SUMIF(Предзаказ_осень2026!#REF!,Калькулятор!B43,Предзаказ_осень2026!#REF!) -> #REF! | L43: =C43*K43 -> #REF! | M43: =K43/D43 -> #REF!
B44: P13 | C44: 1 | E44: 190 | K44: =SUMIF(Предзаказ_осень2026!#REF!,Калькулятор!B44,Предзаказ_осень2026!#REF!) -> #REF! | L44: =C44*K44 -> #REF! | N44: =K44/E44 -> #REF!
B45: P14 | C45: 2 | E45: 120 | K45: =SUMIF(Предзаказ_осень2026!#REF!,Калькулятор!B45,Предзаказ_осень2026!#REF!) -> #REF! | L45: =C45*K45 -> #REF! | N45: =K45/E45 -> #REF!
B46: C1 | C46: 1 | E46: 190 | K46: =SUMIF(Предзаказ_осень2026!#REF!,Калькулятор!B46,Предзаказ_осень2026!#REF!) -> #REF! | L46: =C46*K46 -> #REF! | N46: =K46/E46 -> #REF!
B47: C1,5 | C47: 1.5 | E47: 165 | K47: =SUMIF(Предзаказ_осень2026!#REF!,Калькулятор!B47,Предзаказ_осень2026!#REF!) -> #REF! | L47: =C47*K47 -> #REF! | N47: =K47/E47 -> #REF!
B48: C2 | C48: 2 | E48: 120 | K48: =SUMIF(Предзаказ_осень2026!#REF!,Калькулятор!B48,Предзаказ_осень2026!#REF!) -> #REF! | L48: =C48*K48 -> #REF! | N48: =K48/E48 -> #REF!
B49: C2,5 | C49: 2.5 | K49: =SUMIF(Предзаказ_осень2026!#REF!,Калькулятор!B49,Предзаказ_осень2026!#REF!) -> #REF! | L49: =C49*K49 -> #REF!
B50: C2 PA | C50: 2.3 | G50: 90 | K50: =SUMIF(Предзаказ_осень2026!#REF!,Калькулятор!B50,Предзаказ_осень2026!#REF!) -> #REF! | L50: =C50*K50 -> #REF! | P50: =K50/G50 -> #REF!
B51: C3 | C51: 3 | E51: 100 | K51: =SUMIF(Предзаказ_осень2026!#REF!,Калькулятор!B51,Предзаказ_осень2026!#REF!) -> #REF! | L51: =C51*K51 -> #REF! | N51: =K51/E51 -> #REF!
B52: C3 PA | C52: 3.3 | G52: 70 | K52: =SUMIF(Предзаказ_осень2026!#REF!,Калькулятор!B52,Предзаказ_осень2026!#REF!) -> #REF! | L52: =C52*K52 -> #REF! | P52: =K52/G52 -> #REF!
B53: C4 | C53: 4 | E53: 40 | K53: =SUMIF(Предзаказ_осень2026!#REF!,Калькулятор!B53,Предзаказ_осень2026!#REF!) -> #REF! | L53: =C53*K53 -> #REF! | N53: =K53/E53 -> #REF!
B54: С4 PA | C54: 4.3 | K54: =SUMIF(Предзаказ_осень2026!#REF!,Калькулятор!B54,Предзаказ_осень2026!#REF!) -> #REF! | L54: =C54*K54 -> #REF!
B55: C4,5 | C55: 4.5 | K55: =SUMIF(Предзаказ_осень2026!#REF!,Калькулятор!B55,Предзаказ_осень2026!#REF!) -> #REF! | L55: =C55*K55 -> #REF!
B56: C4,5 PA | C56: 4.8 | K56: =SUMIF(Предзаказ_осень2026!#REF!,Калькулятор!B56,Предзаказ_осень2026!#REF!) -> #REF! | L56: =C56*K56 -> #REF!
B57: C5 | C57: 5 | E57: 40 | K57: =SUMIF(Предзаказ_осень2026!#REF!,Калькулятор!B57,Предзаказ_осень2026!#REF!) -> #REF! | L57: =C57*K57 -> #REF! | N57: =K57/E57 -> #REF!
B58: C5 PA | C58: 5.3 | G58: 50 | K58: =SUMIF(Предзаказ_осень2026!#REF!,Калькулятор!B58,Предзаказ_осень2026!#REF!) -> #REF! | L58: =C58*K58 -> #REF! | P58: =K58/G58 -> #REF!
B59: C6 | C59: 6 | K59: =SUMIF(Предзаказ_осень2026!#REF!,Калькулятор!B59,Предзаказ_осень2026!#REF!) -> #REF! | L59: =C59*K59 -> #REF!
B60: C6 PA | C60: 6.3 | K60: =SUMIF(Предзаказ_осень2026!#REF!,Калькулятор!B60,Предзаказ_осень2026!#REF!) -> #REF! | L60: =C60*K60 -> #REF!
B61: C7 | C61: 7 | E61: 25 | K61: =SUMIF(Предзаказ_осень2026!#REF!,Калькулятор!B61,Предзаказ_осень2026!#REF!) -> #REF! | L61: =C61*K61 -> #REF! | N61: =K61/E61 -> #REF!
B62: C7 PA | C62: 7.3 | K62: =SUMIF(Предзаказ_осень2026!#REF!,Калькулятор!B62,Предзаказ_осень2026!#REF!) -> #REF! | L62: =C62*K62 -> #REF!
B63: C7,5 | C63: 7.5 | E63: 20 | K63: =SUMIF(Предзаказ_осень2026!#REF!,Калькулятор!B63,Предзаказ_осень2026!#REF!) -> #REF! | L63: =C63*K63 -> #REF! | N63: =K63/E63 -> #REF!
B64: C7,5 PA | C64: 7.8 | G64: 40 | K64: =SUMIF(Предзаказ_осень2026!#REF!,Калькулятор!B64,Предзаказ_осень2026!#REF!) -> #REF! | L64: =C64*K64 -> #REF! | P64: =K64/G64 -> #REF!
B65: C10 | C65: 10 | E65: 15 | K65: =SUMIF(Предзаказ_осень2026!#REF!,Калькулятор!B65,Предзаказ_осень2026!#REF!) -> #REF! | L65: =C65*K65 -> #REF! | N65: =K65/E65 -> #REF!
B66: C10 PA | C66: 10.5 | K66: =SUMIF(Предзаказ_осень2026!#REF!,Калькулятор!B66,Предзаказ_осень2026!#REF!) -> #REF! | L66: =C66*K66 -> #REF!
B67: C11 | C67: 11 | K67: =SUMIF(Предзаказ_осень2026!#REF!,Калькулятор!B67,Предзаказ_осень2026!#REF!) -> #REF! | L67: =C67*K67 -> #REF!
B68: C12 | C68: 12 | K68: =SUMIF(Предзаказ_осень2026!#REF!,Калькулятор!B68,Предзаказ_осень2026!#REF!) -> #REF! | L68: =C68*K68 -> #REF!
B69: C12 PA | C69: 12.5 | K69: =SUMIF(Предзаказ_осень2026!#REF!,Калькулятор!B69,Предзаказ_осень2026!#REF!) -> #REF! | L69: =C69*K69 -> #REF!
B70: C15 | C70: 15 | K70: =SUMIF(Предзаказ_осень2026!#REF!,Калькулятор!B70,Предзаказ_осень2026!#REF!) -> #REF! | L70: =C70*K70 -> #REF!
B71: C15 PA | C71: 15.5 | K71: =SUMIF(Предзаказ_осень2026!#REF!,Калькулятор!B71,Предзаказ_осень2026!#REF!) -> #REF! | L71: =C71*K71 -> #REF!
B72: C16 | C72: 16 | K72: =SUMIF(Предзаказ_осень2026!#REF!,Калькулятор!B72,Предзаказ_осень2026!#REF!) -> #REF! | L72: =C72*K72 -> #REF!
B73: C16 PA | C73: 16.5 | K73: =SUMIF(Предзаказ_осень2026!#REF!,Калькулятор!B73,Предзаказ_осень2026!#REF!) -> #REF! | L73: =C73*K73 -> #REF!
B74: C18 | C74: 18 | E74: 9 | K74: =SUMIF(Предзаказ_осень2026!#REF!,Калькулятор!B74,Предзаказ_осень2026!#REF!) -> #REF! | L74: =C74*K74 -> #REF! | N74: =K74/E74 -> #REF! | R74: =IF(K74>0,"Крупногабартиные растения, требуется корректировка расчета нашим логистом!","") -> #REF!
B75: C18 PA | C75: 18.5 | K75: =SUMIF(Предзаказ_осень2026!#REF!,Калькулятор!B75,Предзаказ_осень2026!#REF!) -> #REF! | L75: =C75*K75 -> #REF!
B76: C20 | C76: 20 | K76: =SUMIF(Предзаказ_осень2026!#REF!,Калькулятор!B76,Предзаказ_осень2026!#REF!) -> #REF! | L76: =C76*K76 -> #REF!
B77: C20 PA | C77: 20.5 | K77: =SUMIF(Предзаказ_осень2026!#REF!,Калькулятор!B77,Предзаказ_осень2026!#REF!) -> #REF! | L77: =C77*K77 -> #REF!
B78: C25 | C78: 25 | K78: =SUMIF(Предзаказ_осень2026!#REF!,Калькулятор!B78,Предзаказ_осень2026!#REF!) -> #REF! | L78: =C78*K78 -> #REF!
B79: C25 PA | C79: 25.5 | K79: =SUMIF(Предзаказ_осень2026!#REF!,Калькулятор!B79,Предзаказ_осень2026!#REF!) -> #REF! | L79: =C79*K79 -> #REF!
B80: С35 | C80: 35 | K80: =SUMIF(Предзаказ_осень2026!#REF!,Калькулятор!B80,Предзаказ_осень2026!#REF!) -> #REF! | L80: =C80*K80 -> #REF!
B81: Выкопка, WRB, высота растения до 140 см | C81: 50 | H81: 9 | K81: =SUMIFS(Предзаказ_осень2026!#REF!,Предзаказ_осень2026!#REF!,"WRB",Предзаказ_осень2026!#REF!,"100-120") -> #REF! | L81: =C81*K81 -> #REF! | Q81: =K81/H81 -> #REF! | R81: =IF(K81>0,"Крупногабартиные растения, требуется корректировка расчета нашим логистом!","") -> #REF!
B82: Выкопка, WRB, высота растения более 140 см | C82: 80 | H82: 3 | K82: =SUMIFS(Предзаказ_осень2026!#REF!,Предзаказ_осень2026!#REF!,"WRB",Предзаказ_осень2026!#REF!,"140-160") -> #REF! | L82: =C82*K82 -> #REF! | Q82: =K82/H82 -> #REF! | R82: =IF(K82>0,"Крупногабартиные растения, требуется корректировка расчета нашим логистом!","") -> #REF!
J83: ИТОГО: | K83: =SUM(K42:K82) -> #REF! | L83: =SUM(L42:L82) -> #REF! | M83: =ROUNDUP(M43,0)+ROUNDUP(M42,0) -> #REF! | N83: =ROUNDUP(SUM(N42:N82),0) -> #REF! | P83: =ROUNDUP(SUM(P42:P82),0) -> #REF! | Q83: =ROUNDUP(SUM(Q42:Q82),0) -> #REF!
J85: Сумма за тару (предварительно) | M85: =M83*$D$41 -> #REF! | N85: =N83*$E$41 -> #REF! | P85: =P83*$G$41 -> #REF! | Q85: =Q83*$H$41 -> #REF! | R85: =SUM(M85:Q85) -> #REF!
J86: Итого паллетомест (предварительно) | M86: =M83/45 -> #REF! | N86: =ROUNDUP((ROUNDUP(N83,0)/2),0) -> #REF! | P86: =P83 -> #REF! | Q86: =Q83 -> #REF! | R86: =SUM(M86:Q86) -> #REF!
J87: Сумма за доставку (предварительно) | R87: =O123 -> #REF!
K120: Вся следующая часть внизу будет не видна для клиента:
K122: по весу | L122: по объёму в таре | M122: итоговая машина | N122: км ввёл клиент | O122: сумма за доставку
K123: =IF(L83<=L127-150,K127,IF(L83<=L128-150,K128,IF(L83<=L129-150,K129,IF(L83<=L130-150,K130,"индивидуальный расчет")))) -> #REF! | L123: =IF(R86<=M127,K127,IF(R86<=M128,K128,IF(R86<=M129,K129,IF(R86<=M130,K130,"индивидуальный расчет")))) -> #REF! | M123: =IF(B20="Навалом",VLOOKUP(K123,K127:O130,5,0),IF(VLOOKUP(K123,K127:L130,2,0)>VLOOKUP(L123,K127:L130,2,0),K123,L123)) -> #REF! | N123: =B22 -> 0 | O123: =VLOOKUP(M123,K127:N130,4,0)*N123 -> #REF!
K126: машина | L126: кг | M126: вместимость ПМ | N126: стоимость за КМ | O126: машина | Q126: Цены без КДП
G127: В 2,20 м | H127: Ш 1,90 м | J127: Д 4,10 м | K127: газель | L127: 2500 | M127: 4 | N127: 100 | O127: газель | P127: 4 ПМ
G128: В 2,3 м | H128: Ш 2,45 м | J128: Д 6,2 м | K128: 5-тонник | L128: 5000 | M128: 12 | N128: 130 | O128: 5-тонник | P128: 12 ПМ | Q128: 24 бокса | R128: БЕЗ КОЛЕЦ
G129: В 2,45 м | H129: Ш 2,45 м | J129: Д 6,2 м | K129: 10-тонник | L129: 10000 | M129: 12 | N129: 150 | O129: 10-тонник | P129: 12 ПМ | Q129: 24 бокса | R129: С КОЛЬЦАМИ
G130: В 2,45 м | H130: Ш 2,45 м | J130: Д 13,5 м | K130: фура | L130: 20000 | M130: 26 | N130: 200 | O130: фура | P130: 26 ПМ | Q130: 52 бокса | R130: С КОЛЬЦАМИ

Sheet Предзаказ_осень2026
N1: Предложение ОКС_осень 2026 | S1: Подпишитесь на наши каналы в MAX и Telegram, чтобы всегда быть в курсе последних новостей, предложений и акций:
J3: Адрес склада: Московская область, Каширский район, дер. Барабаново
J4: Выдача заказов: ОКС и пионы - октябрь-ноябрь 2026
J5: * Сроки выкопки и выдачи растений могут измениться в зависимости от погодных условий.
J7: Общий минимальный заказ 25 000 ₽
J9: Саженцы с ОКС упакованы по 25 шт. в пучок, 3/х летки по 10 шт. в пучок.
J10: Многолетники с ОКС упаковываны по 25 шт. в перфорированный пакет.
J11: При покупке товаров ОКС - предложим контейнер С3 для пересадки на каждую позицию со скидкой 50%
J13: При полной оплате заказа до 25 августа 2026 года предоставляется скидка 5%.
J14: Аванс для бронирования: 50%, оплата перед отгрузкой 50%
J15: Оплата в рублях.
J16: * Цены в прайсе указаны при оплате наличными в кассу. При оплате по безналу выберете в калькуляторе способ оплаты на р/счет.
J18: Перед оформлением заказа, пожалуйста, ознакомьтесь с условиями работы и подтвердите своё согласие с ними: | R18: =SUM(V25:V544) -> 0 | T18: количество растений
K19: >>> Условия работы <<< | Q19: =IF(R19=0, "", IF(R19<25000, "ОШИБКА!!!", "")) | R19: =SUM(X25:X544) -> 0 | T19: итоговая сумма за растения | X19: =IF(R19=0, "", IF(R19<25000, "НЕ СОБЛЮДЕНЫ УСЛОВИЯ минимальной суммы заказа", ""))
N21: с условиями работы ознакомлен | O21: нет | R21: Перейти в калькулятор <<<<<<
D22: АСТ ОКС, Р9 | R22: Опт (50 тыс. ₽ - 200 тыс. ₽) | T22: Крупный опт (≥200 тыс. ₽) | W22: =SUM(W24:W544) -> 0
D23: Всего | E23: свободно | G23: Товарная категория | H23: Род, вид на русском | I23: Род, вид на латинском | J23: Сорт | K23: Упаковка корневой системы | L23: Высота, см | M23: Ширина, см | N23: Высота штамба, см | O23: Примечание | P23: Страна производитель | Q23: Минимальный заказ, шт | R23: заказ <20 шт на позицию ОПТ | S23: заказ ≥20 шт на позицию ОПТ-3% | T23: заказ <20 шт на позицию ОПТ-9% | U23: заказ ≥20 шт на позицию ОПТ-15% | V23: Заказ, шт | W23: Сумма предварительная | X23: Общая сумма заказа в рублях | Y23: Подтверждение | Z23: Ассортимент | AA23: Особенности | AB23: Описание
C24: * | G24: ОКС_ Гортензии
C25: 46-38-14791 | D25: 8 | F25: руб | G25: ОКС_ Гортензии | H25: Гортензия древовидная | I25: Hydrangea arborescens | J25: Bounty | K25: BR 0+1+1 1-2 tak | P25: RUS | Q25: 25 | R25: 115 | S25: 98 | T25: 98 | U25: 98 | W25: =R25*V25 -> 0 | X25: =IF(S25<>"",IF(AND($W$22>=200000,V25>=20),V25*U25,IF(AND($W$22>=200000,V25<20),V25*T25,IF(AND($W$22<200000,V25>=20),V25*S25,V25*R25))),IF($W$22>=200000,V25*T25,V25*R25)) -> 0 | Y25: Выдача октябрь-ноябрь 2026 | AC25: =IF(V25/Q25=0,"",IF(MOD(V25,Q25)>0,"ОШИБКА!!! неверная кратность на сорт",""))
D26: 16 | F26: руб | G26: ОКС_ Гортензии | H26: Гортензия древовидная | I26: Hydrangea arborescens | J26: Bounty | K26: BR 0+1+1 3-4 tak | P26: RUS | Q26: 25 | R26: 135 | S26: 115 | T26: 115 | U26: 115 | W26: =R26*V26 -> 0 | X26: =IF(S26<>"",IF(AND($W$22>=200000,V26>=20),V26*U26,IF(AND($W$22>=200000,V26<20),V26*T26,IF(AND($W$22<200000,V26>=20),V26*S26,V26*R26))),IF($W$22>=200000,V26*T26,V26*R26)) -> 0 | Y26: Выдача октябрь-ноябрь 2026 | AC26: =IF(V26/Q26=0,"",IF(MOD(V26,Q26)>0,"ОШИБКА!!! неверная кратность на сорт",""))
D27: 7 | F27: руб | G27: ОКС_ Гортензии | H27: Гортензия древовидная | I27: Hydrangea arborescens | J27: Bounty | K27: BR 0+1+1 5-6 tak | P27: RUS | Q27: 25 | R27: 141 | S27: 120 | T27: 120 | U27: 120 | W27: =R27*V27 -> 0 | X27: =IF(S27<>"",IF(AND($W$22>=200000,V27>=20),V27*U27,IF(AND($W$22>=200000,V27<20),V27*T27,IF(AND($W$22<200000,V27>=20),V27*S27,V27*R27))),IF($W$22>=200000,V27*T27,V27*R27)) -> 0 | Y27: Выдача октябрь-ноябрь 2026 | AC27: =IF(V27/Q27=0,"",IF(MOD(V27,Q27)>0,"ОШИБКА!!! неверная кратность на сорт",""))
C28: 46-38-15989 | D28: 12 | F28: руб | G28: ОКС_ Гортензии | H28: Гортензия древовидная | I28: Hydrangea arborescens | J28: Radiata | K28: BR 0+1+1 1-2 tak | P28: RUS | Q28: 25 | R28: 115 | S28: 98 | T28: 98 | U28: 98 | W28: =R28*V28 -> 0 | X28: =IF(S28<>"",IF(AND($W$22>=200000,V28>=20),V28*U28,IF(AND($W$22>=200000,V28<20),V28*T28,IF(AND($W$22<200000,V28>=20),V28*S28,V28*R28))),IF($W$22>=200000,V28*T28,V28*R28)) -> 0 | Y28: Выдача октябрь-ноябрь 2026 | AC28: =IF(V28/Q28=0,"",IF(MOD(V28,Q28)>0,"ОШИБКА!!! неверная кратность на сорт",""))
D29: 24 | F29: руб | G29: ОКС_ Гортензии | H29: Гортензия древовидная | I29: Hydrangea arborescens | J29: Radiata | K29: BR 0+1+1 3-4 tak | P29: RUS | Q29: 25 | R29: 135 | S29: 115 | T29: 115 | U29: 115 | W29: =R29*V29 -> 0 | X29: =IF(S29<>"",IF(AND($W$22>=200000,V29>=20),V29*U29,IF(AND($W$22>=200000,V29<20),V29*T29,IF(AND($W$22<200000,V29>=20),V29*S29,V29*R29))),IF($W$22>=200000,V29*T29,V29*R29)) -> 0 | Y29: Выдача октябрь-ноябрь 2026 | AC29: =IF(V29/Q29=0,"",IF(MOD(V29,Q29)>0,"ОШИБКА!!! неверная кратность на сорт",""))
D30: 12 | F30: руб | G30: ОКС_ Гортензии | H30: Гортензия древовидная | I30: Hydrangea arborescens | J30: Radiata | K30: BR 0+1+1 5-6 tak | P30: RUS | Q30: 25 | R30: 141 | S30: 120 | T30: 120 | U30: 120 | W30: =R30*V30 -> 0 | X30: =IF(S30<>"",IF(AND($W$22>=200000,V30>=20),V30*U30,IF(AND($W$22>=200000,V30<20),V30*T30,IF(AND($W$22<200000,V30>=20),V30*S30,V30*R30))),IF($W$22>=200000,V30*T30,V30*R30)) -> 0 | Y30: Выдача октябрь-ноябрь 2026 | AC30: =IF(V30/Q30=0,"",IF(MOD(V30,Q30)>0,"ОШИБКА!!! неверная кратность на сорт",""))
C31: 46-38-12821 | D31: 22 | F31: руб | G31: ОКС_ Гортензии | H31: Гортензия метельчатая | I31: Hydrangea paniculata | J31: Big Ben | K31: BR 0+1+1 1-2 tak | P31: RUS | Q31: 25 | R31: 115 | S31: 98 | T31: 98 | U31: 98 | W31: =R31*V31 -> 0 | X31: =IF(S31<>"",IF(AND($W$22>=200000,V31>=20),V31*U31,IF(AND($W$22>=200000,V31<20),V31*T31,IF(AND($W$22<200000,V31>=20),V31*S31,V31*R31))),IF($W$22>=200000,V31*T31,V31*R31)) -> 0 | Y31: Выдача октябрь-ноябрь 2026 | AC31: =IF(V31/Q31=0,"",IF(MOD(V31,Q31)>0,"ОШИБКА!!! неверная кратность на сорт",""))
D32: 45 | F32: руб | G32: ОКС_ Гортензии | H32: Гортензия метельчатая | I32: Hydrangea paniculata | J32: Big Ben | K32: BR 0+1+1 3-4 tak | P32: RUS | Q32: 25 | R32: 135 | S32: 115 | T32: 115 | U32: 115 | W32: =R32*V32 -> 0 | X32: =IF(S32<>"",IF(AND($W$22>=200000,V32>=20),V32*U32,IF(AND($W$22>=200000,V32<20),V32*T32,IF(AND($W$22<200000,V32>=20),V32*S32,V32*R32))),IF($W$22>=200000,V32*T32,V32*R32)) -> 0 | Y32: Выдача октябрь-ноябрь 2026 | AC32: =IF(V32/Q32=0,"",IF(MOD(V32,Q32)>0,"ОШИБКА!!! неверная кратность на сорт",""))
D33: 22 | F33: руб | G33: ОКС_ Гортензии | H33: Гортензия метельчатая | I33: Hydrangea paniculata | J33: Big Ben | K33: BR 0+1+1 5-6 tak | P33: RUS | Q33: 25 | R33: 141 | S33: 120 | T33: 120 | U33: 120 | W33: =R33*V33 -> 0 | X33: =IF(S33<>"",IF(AND($W$22>=200000,V33>=20),V33*U33,IF(AND($W$22>=200000,V33<20),V33*T33,IF(AND($W$22<200000,V33>=20),V33*S33,V33*R33))),IF($W$22>=200000,V33*T33,V33*R33)) -> 0 | Y33: Выдача октябрь-ноябрь 2026 | AC33: =IF(V33/Q33=0,"",IF(MOD(V33,Q33)>0,"ОШИБКА!!! неверная кратность на сорт",""))
C34: 46-38-15988 | D34: 20 | F34: руб | G34: ОКС_ Гортензии | H34: Гортензия метельчатая | I34: Hydrangea paniculata | J34: Bonfire | K34: BR 0+1+1 1-2 tak | P34: RUS | Q34: 25 | R34: 115 | S34: 98 | T34: 98 | U34: 98 | W34: =R34*V34 -> 0 | X34: =IF(S34<>"",IF(AND($W$22>=200000,V34>=20),V34*U34,IF(AND($W$22>=200000,V34<20),V34*T34,IF(AND($W$22<200000,V34>=20),V34*S34,V34*R34))),IF($W$22>=200000,V34*T34,V34*R34)) -> 0 | Y34: Выдача октябрь-ноябрь 2026 | AC34: =IF(V34/Q34=0,"",IF(MOD(V34,Q34)>0,"ОШИБКА!!! неверная кратность на сорт",""))
D35: 40 | F35: руб | G35: ОКС_ Гортензии | H35: Гортензия метельчатая | I35: Hydrangea paniculata | J35: Bonfire | K35: BR 0+1+1 3-4 tak | P35: RUS | Q35: 25 | R35: 135 | S35: 115 | T35: 115 | U35: 115 | W35: =R35*V35 -> 0 | X35: =IF(S35<>"",IF(AND($W$22>=200000,V35>=20),V35*U35,IF(AND($W$22>=200000,V35<20),V35*T35,IF(AND($W$22<200000,V35>=20),V35*S35,V35*R35))),IF($W$22>=200000,V35*T35,V35*R35)) -> 0 | Y35: Выдача октябрь-ноябрь 2026 | AC35: =IF(V35/Q35=0,"",IF(MOD(V35,Q35)>0,"ОШИБКА!!! неверная кратность на сорт",""))
D36: 20 | F36: руб | G36: ОКС_ Гортензии | H36: Гортензия метельчатая | I36: Hydrangea paniculata | J36: Bonfire | K36: BR 0+1+1 5-6 tak | P36: RUS | Q36: 25 | R36: 141 | S36: 120 | T36: 120 | U36: 120 | W36: =R36*V36 -> 0 | X36: =IF(S36<>"",IF(AND($W$22>=200000,V36>=20),V36*U36,IF(AND($W$22>=200000,V36<20),V36*T36,IF(AND($W$22<200000,V36>=20),V36*S36,V36*R36))),IF($W$22>=200000,V36*T36,V36*R36)) -> 0 | Y36: Выдача октябрь-ноябрь 2026 | AC36: =IF(V36/Q36=0,"",IF(MOD(V36,Q36)>0,"ОШИБКА!!! неверная кратность на сорт",""))
C37: 46-38-12825 | D37: 21 | F37: руб | G37: ОКС_ Гортензии | H37: Гортензия метельчатая | I37: Hydrangea paniculata | J37: Dentelle de Gorron | K37: BR 0+1+1 1-2 tak | P37: RUS | Q37: 25 | R37: 115 | S37: 98 | T37: 98 | U37: 98 | W37: =R37*V37 -> 0 | X37: =IF(S37<>"",IF(AND($W$22>=200000,V37>=20),V37*U37,IF(AND($W$22>=200000,V37<20),V37*T37,IF(AND($W$22<200000,V37>=20),V37*S37,V37*R37))),IF($W$22>=200000,V37*T37,V37*R37)) -> 0 | Y37: Выдача октябрь-ноябрь 2026 | AC37: =IF(V37/Q37=0,"",IF(MOD(V37,Q37)>0,"ОШИБКА!!! неверная кратность на сорт",""))
D38: 41 | F38: руб | G38: ОКС_ Гортензии | H38: Гортензия метельчатая | I38: Hydrangea paniculata | J38: Dentelle de Gorron | K38: BR 0+1+1 3-4 tak | P38: RUS | Q38: 25 | R38: 135 | S38: 115 | T38: 115 | U38: 115 | W38: =R38*V38 -> 0 | X38: =IF(S38<>"",IF(AND($W$22>=200000,V38>=20),V38*U38,IF(AND($W$22>=200000,V38<20),V38*T38,IF(AND($W$22<200000,V38>=20),V38*S38,V38*R38))),IF($W$22>=200000,V38*T38,V38*R38)) -> 0 | Y38: Выдача октябрь-ноябрь 2026 | AC38: =IF(V38/Q38=0,"",IF(MOD(V38,Q38)>0,"ОШИБКА!!! неверная кратность на сорт",""))
D39: 20 | F39: руб | G39: ОКС_ Гортензии | H39: Гортензия метельчатая | I39: Hydrangea paniculata | J39: Dentelle de Gorron | K39: BR 0+1+1 5-6 tak | P39: RUS | Q39: 25 | R39: 141 | S39: 120 | T39: 120 | U39: 120 | W39: =R39*V39 -> 0 | X39: =IF(S39<>"",IF(AND($W$22>=200000,V39>=20),V39*U39,IF(AND($W$22>=200000,V39<20),V39*T39,IF(AND($W$22<200000,V39>=20),V39*S39,V39*R39))),IF($W$22>=200000,V39*T39,V39*R39)) -> 0 | Y39: Выдача октябрь-ноябрь 2026 | AC39: =IF(V39/Q39=0,"",IF(MOD(V39,Q39)>0,"ОШИБКА!!! неверная кратность на сорт",""))
C40: 46-38-16491 | D40: 36 | F40: руб | G40: ОКС_ Гортензии | H40: Гортензия метельчатая | I40: Hydrangea paniculata | J40: Dolly | K40: BR 0+1+1 1-2 tak | P40: RUS | Q40: 25 | R40: 115 | S40: 98 | T40: 98 | U40: 98 | W40: =R40*V40 -> 0 | X40: =IF(S40<>"",IF(AND($W$22>=200000,V40>=20),V40*U40,IF(AND($W$22>=200000,V40<20),V40*T40,IF(AND($W$22<200000,V40>=20),V40*S40,V40*R40))),IF($W$22>=200000,V40*T40,V40*R40)) -> 0 | Y40: Выдача октябрь-ноябрь 2026 | AC40: =IF(V40/Q40=0,"",IF(MOD(V40,Q40)>0,"ОШИБКА!!! неверная кратность на сорт",""))
D41: 71 | F41: руб | G41: ОКС_ Гортензии | H41: Гортензия метельчатая | I41: Hydrangea paniculata | J41: Dolly | K41: BR 0+1+1 3-4 tak | P41: RUS | Q41: 25 | R41: 135 | S41: 115 | T41: 115 | U41: 115 | W41: =R41*V41 -> 0 | X41: =IF(S41<>"",IF(AND($W$22>=200000,V41>=20),V41*U41,IF(AND($W$22>=200000,V41<20),V41*T41,IF(AND($W$22<200000,V41>=20),V41*S41,V41*R41))),IF($W$22>=200000,V41*T41,V41*R41)) -> 0 | Y41: Выдача октябрь-ноябрь 2026 | AC41: =IF(V41/Q41=0,"",IF(MOD(V41,Q41)>0,"ОШИБКА!!! неверная кратность на сорт",""))
D42: 36 | F42: руб | G42: ОКС_ Гортензии | H42: Гортензия метельчатая | I42: Hydrangea paniculata | J42: Dolly | K42: BR 0+1+1 5-6 tak | P42: RUS | Q42: 25 | R42: 141 | S42: 120 | T42: 120 | U42: 120 | W42: =R42*V42 -> 0 | X42: =IF(S42<>"",IF(AND($W$22>=200000,V42>=20),V42*U42,IF(AND($W$22>=200000,V42<20),V42*T42,IF(AND($W$22<200000,V42>=20),V42*S42,V42*R42))),IF($W$22>=200000,V42*T42,V42*R42)) -> 0 | Y42: Выдача октябрь-ноябрь 2026 | AC42: =IF(V42/Q42=0,"",IF(MOD(V42,Q42)>0,"ОШИБКА!!! неверная кратность на сорт",""))
C43: 46-38-12829 | D43: 53 | F43: руб | G43: ОКС_ Гортензии | H43: Гортензия метельчатая | I43: Hydrangea paniculata | J43: Early Sensation | K43: BR 0+1+1 1-2 tak | P43: RUS | Q43: 25 | R43: 115 | S43: 98 | T43: 98 | U43: 98 | W43: =R43*V43 -> 0 | X43: =IF(S43<>"",IF(AND($W$22>=200000,V43>=20),V43*U43,IF(AND($W$22>=200000,V43<20),V43*T43,IF(AND($W$22<200000,V43>=20),V43*S43,V43*R43))),IF($W$22>=200000,V43*T43,V43*R43)) -> 0 | Y43: Выдача октябрь-ноябрь 2026 | AC43: =IF(V43/Q43=0,"",IF(MOD(V43,Q43)>0,"ОШИБКА!!! неверная кратность на сорт",""))
C44: 46-38-11632 | D44: 106 | F44: руб | G44: ОКС_ Гортензии | H44: Гортензия метельчатая | I44: Hydrangea paniculata | J44: Early Sensation | K44: BR 0+1+1 3-4 tak | P44: RUS | Q44: 25 | R44: 135 | S44: 115 | T44: 115 | U44: 115 | W44: =R44*V44 -> 0 | X44: =IF(S44<>"",IF(AND($W$22>=200000,V44>=20),V44*U44,IF(AND($W$22>=200000,V44<20),V44*T44,IF(AND($W$22<200000,V44>=20),V44*S44,V44*R44))),IF($W$22>=200000,V44*T44,V44*R44)) -> 0 | Y44: Выдача октябрь-ноябрь 2026 | AC44: =IF(V44/Q44=0,"",IF(MOD(V44,Q44)>0,"ОШИБКА!!! неверная кратность на сорт",""))
C45: 46-38-12830 | D45: 53 | F45: руб | G45: ОКС_ Гортензии | H45: Гортензия метельчатая | I45: Hydrangea paniculata | J45: Early Sensation | K45: BR 0+1+1 5-6 tak | P45: RUS | Q45: 25 | R45: 141 | S45: 120 | T45: 120 | U45: 120 | W45: =R45*V45 -> 0 | X45: =IF(S45<>"",IF(AND($W$22>=200000,V45>=20),V45*U45,IF(AND($W$22>=200000,V45<20),V45*T45,IF(AND($W$22<200000,V45>=20),V45*S45,V45*R45))),IF($W$22>=200000,V45*T45,V45*R45)) -> 0 | Y45: Выдача октябрь-ноябрь 2026 | AC45: =IF(V45/Q45=0,"",IF(MOD(V45,Q45)>0,"ОШИБКА!!! неверная кратность на сорт",""))
C46: 46-38-12831 | D46: 243 | F46: руб | G46: ОКС_ Гортензии | H46: Гортензия метельчатая | I46: Hydrangea paniculata | J46: Fraise Melba | K46: BR 0+1+1 1-2 tak | P46: RUS | Q46: 25 | R46: 115 | S46: 98 | T46: 98 | U46: 98 | W46: =R46*V46 -> 0 | X46: =IF(S46<>"",IF(AND($W$22>=200000,V46>=20),V46*U46,IF(AND($W$22>=200000,V46<20),V46*T46,IF(AND($W$22<200000,V46>=20),V46*S46,V46*R46))),IF($W$22>=200000,V46*T46,V46*R46)) -> 0 | Y46: Выдача октябрь-ноябрь 2026 | AC46: =IF(V46/Q46=0,"",IF(MOD(V46,Q46)>0,"ОШИБКА!!! неверная кратность на сорт",""))
D47: 486 | F47: руб | G47: ОКС_ Гортензии | H47: Гортензия метельчатая | I47: Hydrangea paniculata | J47: Fraise Melba | K47: BR 0+1+1 3-4 tak | P47: RUS | Q47: 25 | R47: 135 | S47: 115 | T47: 115 | U47: 115 | W47: =R47*V47 -> 0 | X47: =IF(S47<>"",IF(AND($W$22>=200000,V47>=20),V47*U47,IF(AND($W$22>=200000,V47<20),V47*T47,IF(AND($W$22<200000,V47>=20),V47*S47,V47*R47))),IF($W$22>=200000,V47*T47,V47*R47)) -> 0 | Y47: Выдача октябрь-ноябрь 2026 | AC47: =IF(V47/Q47=0,"",IF(MOD(V47,Q47)>0,"ОШИБКА!!! неверная кратность на сорт",""))
D48: 243 | F48: руб | G48: ОКС_ Гортензии | H48: Гортензия метельчатая | I48: Hydrangea paniculata | J48: Fraise Melba | K48: BR 0+1+1 5-6 tak | P48: RUS | Q48: 25 | R48: 141 | S48: 120 | T48: 120 | U48: 120 | W48: =R48*V48 -> 0 | X48: =IF(S48<>"",IF(AND($W$22>=200000,V48>=20),V48*U48,IF(AND($W$22>=200000,V48<20),V48*T48,IF(AND($W$22<200000,V48>=20),V48*S48,V48*R48))),IF($W$22>=200000,V48*T48,V48*R48)) -> 0 | Y48: Выдача октябрь-ноябрь 2026 | AC48: =IF(V48/Q48=0,"",IF(MOD(V48,Q48)>0,"ОШИБКА!!! неверная кратность на сорт",""))
C49: 46-38-14589 | D49: 237 | F49: руб | G49: ОКС_ Гортензии | H49: Гортензия метельчатая | I49: Hydrangea paniculata | J49: Graffiti | K49: BR 0+1+1 1-2 tak | P49: RUS | Q49: 25 | R49: 115 | S49: 98 | T49: 98 | U49: 98 | W49: =R49*V49 -> 0 | X49: =IF(S49<>"",IF(AND($W$22>=200000,V49>=20),V49*U49,IF(AND($W$22>=200000,V49<20),V49*T49,IF(AND($W$22<200000,V49>=20),V49*S49,V49*R49))),IF($W$22>=200000,V49*T49,V49*R49)) -> 0 | Y49: Выдача октябрь-ноябрь 2026 | AC49: =IF(V49/Q49=0,"",IF(MOD(V49,Q49)>0,"ОШИБКА!!! неверная кратность на сорт",""))
D50: 474 | F50: руб | G50: ОКС_ Гортензии | H50: Гортензия метельчатая | I50: Hydrangea paniculata | J50: Graffiti | K50: BR 0+1+1 3-4 tak | P50: RUS | Q50: 25 | R50: 135 | S50: 115 | T50: 115 | U50: 115 | W50: =R50*V50 -> 0 | X50: =IF(S50<>"",IF(AND($W$22>=200000,V50>=20),V50*U50,IF(AND($W$22>=200000,V50<20),V50*T50,IF(AND($W$22<200000,V50>=20),V50*S50,V50*R50))),IF($W$22>=200000,V50*T50,V50*R50)) -> 0 | Y50: Выдача октябрь-ноябрь 2026 | AC50: =IF(V50/Q50=0,"",IF(MOD(V50,Q50)>0,"ОШИБКА!!! неверная кратность на сорт",""))
D51: 237 | F51: руб | G51: ОКС_ Гортензии | H51: Гортензия метельчатая | I51: Hydrangea paniculata | J51: Graffiti | K51: BR 0+1+1 5-6 tak | P51: RUS | Q51: 25 | R51: 141 | S51: 120 | T51: 120 | U51: 120 | W51: =R51*V51 -> 0 | X51: =IF(S51<>"",IF(AND($W$22>=200000,V51>=20),V51*U51,IF(AND($W$22>=200000,V51<20),V51*T51,IF(AND($W$22<200000,V51>=20),V51*S51,V51*R51))),IF($W$22>=200000,V51*T51,V51*R51)) -> 0 | Y51: Выдача октябрь-ноябрь 2026 | AC51: =IF(V51/Q51=0,"",IF(MOD(V51,Q51)>0,"ОШИБКА!!! неверная кратность на сорт",""))
C52: 46-38-10955 | D52: 73 | F52: руб | G52: ОКС_ Гортензии | H52: Гортензия метельчатая | I52: Hydrangea paniculata | J52: Levana | K52: BR 0+1+1 1-2 tak | P52: RUS | Q52: 25 | R52: 115 | S52: 98 | T52: 98 | U52: 98 | W52: =R52*V52 -> 0 | X52: =IF(S52<>"",IF(AND($W$22>=200000,V52>=20),V52*U52,IF(AND($W$22>=200000,V52<20),V52*T52,IF(AND($W$22<200000,V52>=20),V52*S52,V52*R52))),IF($W$22>=200000,V52*T52,V52*R52)) -> 0 | Y52: Выдача октябрь-ноябрь 2026 | AC52: =IF(V52/Q52=0,"",IF(MOD(V52,Q52)>0,"ОШИБКА!!! неверная кратность на сорт",""))
D53: 145 | F53: руб | G53: ОКС_ Гортензии | H53: Гортензия метельчатая | I53: Hydrangea paniculata | J53: Levana | K53: BR 0+1+1 3-4 tak | P53: RUS | Q53: 25 | R53: 135 | S53: 115 | T53: 115 | U53: 115 | W53: =R53*V53 -> 0 | X53: =IF(S53<>"",IF(AND($W$22>=200000,V53>=20),V53*U53,IF(AND($W$22>=200000,V53<20),V53*T53,IF(AND($W$22<200000,V53>=20),V53*S53,V53*R53))),IF($W$22>=200000,V53*T53,V53*R53)) -> 0 | Y53: Выдача октябрь-ноябрь 2026 | AC53: =IF(V53/Q53=0,"",IF(MOD(V53,Q53)>0,"ОШИБКА!!! неверная кратность на сорт",""))
D54: 73 | F54: руб | G54: ОКС_ Гортензии | H54: Гортензия метельчатая | I54: Hydrangea paniculata | J54: Levana | K54: BR 0+1+1 5-6 tak | P54: RUS | Q54: 25 | R54: 141 | S54: 120 | T54: 120 | U54: 120 | W54: =R54*V54 -> 0 | X54: =IF(S54<>"",IF(AND($W$22>=200000,V54>=20),V54*U54,IF(AND($W$22>=200000,V54<20),V54*T54,IF(AND($W$22<200000,V54>=20),V54*S54,V54*R54))),IF($W$22>=200000,V54*T54,V54*R54)) -> 0 | Y54: Выдача октябрь-ноябрь 2026 | AC54: =IF(V54/Q54=0,"",IF(MOD(V54,Q54)>0,"ОШИБКА!!! неверная кратность на сорт",""))
C55: 46-38-15512 | D55: 63 | F55: руб | G55: ОКС_ Гортензии | H55: Гортензия метельчатая | I55: Hydrangea paniculata | J55: Little quick fire | K55: BR 0+1+1 2 tak | P55: RUS | Q55: 25 | R55: 115 | S55: 98 | T55: 98 | U55: 98 | W55: =R55*V55 -> 0 | X55: =IF(S55<>"",IF(AND($W$22>=200000,V55>=20),V55*U55,IF(AND($W$22>=200000,V55<20),V55*T55,IF(AND($W$22<200000,V55>=20),V55*S55,V55*R55))),IF($W$22>=200000,V55*T55,V55*R55)) -> 0 | Y55: Выдача октябрь-ноябрь 2026 | AC55: =IF(V55/Q55=0,"",IF(MOD(V55,Q55)>0,"ОШИБКА!!! неверная кратность на сорт",""))
D56: 125 | F56: руб | G56: ОКС_ Гортензии | H56: Гортензия метельчатая | I56: Hydrangea paniculata | J56: Little quick fire | K56: BR 0+1+1 3-4 tak | P56: RUS | Q56: 25 | R56: 135 | S56: 115 | T56: 115 | U56: 115 | W56: =R56*V56 -> 0 | X56: =IF(S56<>"",IF(AND($W$22>=200000,V56>=20),V56*U56,IF(AND($W$22>=200000,V56<20),V56*T56,IF(AND($W$22<200000,V56>=20),V56*S56,V56*R56))),IF($W$22>=200000,V56*T56,V56*R56)) -> 0 | Y56: Выдача октябрь-ноябрь 2026 | AC56: =IF(V56/Q56=0,"",IF(MOD(V56,Q56)>0,"ОШИБКА!!! неверная кратность на сорт",""))
D57: 63 | F57: руб | G57: ОКС_ Гортензии | H57: Гортензия метельчатая | I57: Hydrangea paniculata | J57: Little quick fire | K57: BR 0+1+1 5-6 tak | P57: RUS | Q57: 25 | R57: 141 | S57: 120 | T57: 120 | U57: 120 | W57: =R57*V57 -> 0 | X57: =IF(S57<>"",IF(AND($W$22>=200000,V57>=20),V57*U57,IF(AND($W$22>=200000,V57<20),V57*T57,IF(AND($W$22<200000,V57>=20),V57*S57,V57*R57))),IF($W$22>=200000,V57*T57,V57*R57)) -> 0 | Y57: Выдача октябрь-ноябрь 2026 | AC57: =IF(V57/Q57=0,"",IF(MOD(V57,Q57)>0,"ОШИБКА!!! неверная кратность на сорт",""))
C58: 46-38-15991 | D58: 22 | F58: руб | G58: ОКС_ Гортензии | H58: Гортензия метельчатая | I58: Hydrangea paniculata | J58: Little Rosy | K58: BR 0+1+1 1-2 tak | P58: RUS | Q58: 25 | R58: 115 | S58: 98 | T58: 98 | U58: 98 | W58: =R58*V58 -> 0 | X58: =IF(S58<>"",IF(AND($W$22>=200000,V58>=20),V58*U58,IF(AND($W$22>=200000,V58<20),V58*T58,IF(AND($W$22<200000,V58>=20),V58*S58,V58*R58))),IF($W$22>=200000,V58*T58,V58*R58)) -> 0 | Y58: Выдача октябрь-ноябрь 2026 | AC58: =IF(V58/Q58=0,"",IF(MOD(V58,Q58)>0,"ОШИБКА!!! неверная кратность на сорт",""))
D59: 45 | F59: руб | G59: ОКС_ Гортензии | H59: Гортензия метельчатая | I59: Hydrangea paniculata | J59: Little Rosy | K59: BR 0+1+1 3-4 tak | P59: RUS | Q59: 25 | R59: 135 | S59: 115 | T59: 115 | U59: 115 | W59: =R59*V59 -> 0 | X59: =IF(S59<>"",IF(AND($W$22>=200000,V59>=20),V59*U59,IF(AND($W$22>=200000,V59<20),V59*T59,IF(AND($W$22<200000,V59>=20),V59*S59,V59*R59))),IF($W$22>=200000,V59*T59,V59*R59)) -> 0 | Y59: Выдача октябрь-ноябрь 2026 | AC59: =IF(V59/Q59=0,"",IF(MOD(V59,Q59)>0,"ОШИБКА!!! неверная кратность на сорт",""))
D60: 22 | F60: руб | G60: ОКС_ Гортензии | H60: Гортензия метельчатая | I60: Hydrangea paniculata | J60: Little Rosy | K60: BR 0+1+1 5-6 tak | P60: RUS | Q60: 25 | R60: 141 | S60: 120 | T60: 120 | U60: 120 | W60: =R60*V60 -> 0 | X60: =IF(S60<>"",IF(AND($W$22>=200000,V60>=20),V60*U60,IF(AND($W$22>=200000,V60<20),V60*T60,IF(AND($W$22<200000,V60>=20),V60*S60,V60*R60))),IF($W$22>=200000,V60*T60,V60*R60)) -> 0 | Y60: Выдача октябрь-ноябрь 2026 | AC60: =IF(V60/Q60=0,"",IF(MOD(V60,Q60)>0,"ОШИБКА!!! неверная кратность на сорт",""))
C61: 46-38-15103 | D61: 126 | F61: руб | G61: ОКС_ Гортензии | H61: Гортензия метельчатая | I61: Hydrangea paniculata | J61: Magical Starlight | K61: BR 0+1+1 1-2 tak | P61: RUS | Q61: 25 | R61: 115 | S61: 98 | T61: 98 | U61: 98 | W61: =R61*V61 -> 0 | X61: =IF(S61<>"",IF(AND($W$22>=200000,V61>=20),V61*U61,IF(AND($W$22>=200000,V61<20),V61*T61,IF(AND($W$22<200000,V61>=20),V61*S61,V61*R61))),IF($W$22>=200000,V61*T61,V61*R61)) -> 0 | Y61: Выдача октябрь-ноябрь 2026 | AC61: =IF(V61/Q61=0,"",IF(MOD(V61,Q61)>0,"ОШИБКА!!! неверная кратность на сорт",""))
D62: 252 | F62: руб | G62: ОКС_ Гортензии | H62: Гортензия метельчатая | I62: Hydrangea paniculata | J62: Magical Starlight | K62: BR 0+1+1 3-4 tak | P62: RUS | Q62: 25 | R62: 135 | S62: 115 | T62: 115 | U62: 115 | W62: =R62*V62 -> 0 | X62: =IF(S62<>"",IF(AND($W$22>=200000,V62>=20),V62*U62,IF(AND($W$22>=200000,V62<20),V62*T62,IF(AND($W$22<200000,V62>=20),V62*S62,V62*R62))),IF($W$22>=200000,V62*T62,V62*R62)) -> 0 | Y62: Выдача октябрь-ноябрь 2026 | AC62: =IF(V62/Q62=0,"",IF(MOD(V62,Q62)>0,"ОШИБКА!!! неверная кратность на сорт",""))
C63: 46-38-15428 | D63: 126 | F63: руб | G63: ОКС_ Гортензии | H63: Гортензия метельчатая | I63: Hydrangea paniculata | J63: Magical Starlight | K63: BR 0+1+1 5-6 tak | P63: RUS | Q63: 25 | R63: 141 | S63: 120 | T63: 120 | U63: 120 | W63: =R63*V63 -> 0 | X63: =IF(S63<>"",IF(AND($W$22>=200000,V63>=20),V63*U63,IF(AND($W$22>=200000,V63<20),V63*T63,IF(AND($W$22<200000,V63>=20),V63*S63,V63*R63))),IF($W$22>=200000,V63*T63,V63*R63)) -> 0 | Y63: Выдача октябрь-ноябрь 2026 | AC63: =IF(V63/Q63=0,"",IF(MOD(V63,Q63)>0,"ОШИБКА!!! неверная кратность на сорт",""))
D64: 250 | F64: руб | G64: ОКС_ Гортензии | H64: Гортензия метельчатая | I64: Hydrangea paniculata | J64: Metallica | K64: BR 0+1+1 1-2 tak | P64: RUS | Q64: 25 | R64: 115 | S64: 98 | T64: 98 | U64: 98 | W64: =R64*V64 -> 0 | X64: =IF(S64<>"",IF(AND($W$22>=200000,V64>=20),V64*U64,IF(AND($W$22>=200000,V64<20),V64*T64,IF(AND($W$22<200000,V64>=20),V64*S64,V64*R64))),IF($W$22>=200000,V64*T64,V64*R64)) -> 0 | Y64: Выдача октябрь-ноябрь 2026 | AC64: =IF(V64/Q64=0,"",IF(MOD(V64,Q64)>0,"ОШИБКА!!! неверная кратность на сорт",""))
C65: 46-38-16110 | D65: 500 | F65: руб | G65: ОКС_ Гортензии | H65: Гортензия метельчатая | I65: Hydrangea paniculata | J65: Metallica | K65: BR 0+1+1 3-4 tak | P65: RUS | Q65: 25 | R65: 135 | S65: 115 | T65: 115 | U65: 115 | W65: =R65*V65 -> 0 | X65: =IF(S65<>"",IF(AND($W$22>=200000,V65>=20),V65*U65,IF(AND($W$22>=200000,V65<20),V65*T65,IF(AND($W$22<200000,V65>=20),V65*S65,V65*R65))),IF($W$22>=200000,V65*T65,V65*R65)) -> 0 | Y65: Выдача октябрь-ноябрь 2026 | AC65: =IF(V65/Q65=0,"",IF(MOD(V65,Q65)>0,"ОШИБКА!!! неверная кратность на сорт",""))
D66: 250 | F66: руб | G66: ОКС_ Гортензии | H66: Гортензия метельчатая | I66: Hydrangea paniculata | J66: Metallica | K66: BR 0+1+1 5-6 tak | P66: RUS | Q66: 25 | R66: 141 | S66: 120 | T66: 120 | U66: 120 | W66: =R66*V66 -> 0 | X66: =IF(S66<>"",IF(AND($W$22>=200000,V66>=20),V66*U66,IF(AND($W$22>=200000,V66<20),V66*T66,IF(AND($W$22<200000,V66>=20),V66*S66,V66*R66))),IF($W$22>=200000,V66*T66,V66*R66)) -> 0 | Y66: Выдача октябрь-ноябрь 2026 | AC66: =IF(V66/Q66=0,"",IF(MOD(V66,Q66)>0,"ОШИБКА!!! неверная кратность на сорт",""))
C67: 46-38-16492 | D67: 48 | F67: руб | G67: ОКС_ Гортензии | H67: Гортензия метельчатая | I67: Hydrangea paniculata | J67: October Bride | K67: BR 0+1+1 1-2 tak | P67: RUS | Q67: 25 | R67: 115 | S67: 98 | T67: 98 | U67: 98 | W67: =R67*V67 -> 0 | X67: =IF(S67<>"",IF(AND($W$22>=200000,V67>=20),V67*U67,IF(AND($W$22>=200000,V67<20),V67*T67,IF(AND($W$22<200000,V67>=20),V67*S67,V67*R67))),IF($W$22>=200000,V67*T67,V67*R67)) -> 0 | Y67: Выдача октябрь-ноябрь 2026 | AC67: =IF(V67/Q67=0,"",IF(MOD(V67,Q67)>0,"ОШИБКА!!! неверная кратность на сорт",""))
C68: 46-38-11639 | D68: 96 | F68: руб | G68: ОКС_ Гортензии | H68: Гортензия метельчатая | I68: Hydrangea paniculata | J68: October Bride | K68: BR 0+1+1 3-4 tak | P68: RUS | Q68: 25 | R68: 135 | S68: 115 | T68: 115 | U68: 115 | W68: =R68*V68 -> 0 | X68: =IF(S68<>"",IF(AND($W$22>=200000,V68>=20),V68*U68,IF(AND($W$22>=200000,V68<20),V68*T68,IF(AND($W$22<200000,V68>=20),V68*S68,V68*R68))),IF($W$22>=200000,V68*T68,V68*R68)) -> 0 | Y68: Выдача октябрь-ноябрь 2026 | AC68: =IF(V68/Q68=0,"",IF(MOD(V68,Q68)>0,"ОШИБКА!!! неверная кратность на сорт",""))
D69: 48 | F69: руб | G69: ОКС_ Гортензии | H69: Гортензия метельчатая | I69: Hydrangea paniculata | J69: October Bride | K69: BR 0+1+1 5-6 tak | P69: RUS | Q69: 25 | R69: 141 | S69: 120 | T69: 120 | U69: 120 | W69: =R69*V69 -> 0 | X69: =IF(S69<>"",IF(AND($W$22>=200000,V69>=20),V69*U69,IF(AND($W$22>=200000,V69<20),V69*T69,IF(AND($W$22<200000,V69>=20),V69*S69,V69*R69))),IF($W$22>=200000,V69*T69,V69*R69)) -> 0 | Y69: Выдача октябрь-ноябрь 2026 | AC69: =IF(V69/Q69=0,"",IF(MOD(V69,Q69)>0,"ОШИБКА!!! неверная кратность на сорт",""))
C70: 46-38-10873 | D70: 19 | F70: руб | G70: ОКС_ Гортензии | H70: Гортензия метельчатая | I70: Hydrangea paniculata | J70: Polar Bear | K70: BR 0+1+1 1-2 tak | P70: RUS | Q70: 25 | R70: 115 | S70: 98 | T70: 98 | U70: 98 | W70: =R70*V70 -> 0 | X70: =IF(S70<>"",IF(AND($W$22>=200000,V70>=20),V70*U70,IF(AND($W$22>=200000,V70<20),V70*T70,IF(AND($W$22<200000,V70>=20),V70*S70,V70*R70))),IF($W$22>=200000,V70*T70,V70*R70)) -> 0 | Y70: Выдача октябрь-ноябрь 2026 | AC70: =IF(V70/Q70=0,"",IF(MOD(V70,Q70)>0,"ОШИБКА!!! неверная кратность на сорт",""))
D71: 37 | F71: руб | G71: ОКС_ Гортензии | H71: Гортензия метельчатая | I71: Hydrangea paniculata | J71: Polar Bear | K71: BR 0+1+1 3-4 tak | P71: RUS | Q71: 25 | R71: 135 | S71: 115 | T71: 115 | U71: 115 | W71: =R71*V71 -> 0 | X71: =IF(S71<>"",IF(AND($W$22>=200000,V71>=20),V71*U71,IF(AND($W$22>=200000,V71<20),V71*T71,IF(AND($W$22<200000,V71>=20),V71*S71,V71*R71))),IF($W$22>=200000,V71*T71,V71*R71)) -> 0 | Y71: Выдача октябрь-ноябрь 2026 | AC71: =IF(V71/Q71=0,"",IF(MOD(V71,Q71)>0,"ОШИБКА!!! неверная кратность на сорт",""))
D72: 19 | F72: руб | G72: ОКС_ Гортензии | H72: Гортензия метельчатая | I72: Hydrangea paniculata | J72: Polar Bear | K72: BR 0+1+1 5-6 tak | P72: RUS | Q72: 25 | R72: 141 | S72: 120 | T72: 120 | U72: 120 | W72: =R72*V72 -> 0 | X72: =IF(S72<>"",IF(AND($W$22>=200000,V72>=20),V72*U72,IF(AND($W$22>=200000,V72<20),V72*T72,IF(AND($W$22<200000,V72>=20),V72*S72,V72*R72))),IF($W$22>=200000,V72*T72,V72*R72)) -> 0 | Y72: Выдача октябрь-ноябрь 2026 | AC72: =IF(V72/Q72=0,"",IF(MOD(V72,Q72)>0,"ОШИБКА!!! неверная кратность на сорт",""))
C73: 46-38-15094 | D73: 15 | F73: руб | G73: ОКС_ Гортензии | H73: Гортензия метельчатая | I73: Hydrangea paniculata | J73: Prim's Red | K73: BR 0+1+1 1-2 tak | P73: RUS | Q73: 25 | R73: 115 | S73: 98 | T73: 98 | U73: 98 | W73: =R73*V73 -> 0 | X73: =IF(S73<>"",IF(AND($W$22>=200000,V73>=20),V73*U73,IF(AND($W$22>=200000,V73<20),V73*T73,IF(AND($W$22<200000,V73>=20),V73*S73,V73*R73))),IF($W$22>=200000,V73*T73,V73*R73)) -> 0 | Y73: Выдача октябрь-ноябрь 2026 | AC73: =IF(V73/Q73=0,"",IF(MOD(V73,Q73)>0,"ОШИБКА!!! неверная кратность на сорт",""))
D74: 29 | F74: руб | G74: ОКС_ Гортензии | H74: Гортензия метельчатая | I74: Hydrangea paniculata | J74: Prim's Red | K74: BR 0+1+1 3-4 tak | P74: RUS | Q74: 25 | R74: 135 | S74: 115 | T74: 115 | U74: 115 | W74: =R74*V74 -> 0 | X74: =IF(S74<>"",IF(AND($W$22>=200000,V74>=20),V74*U74,IF(AND($W$22>=200000,V74<20),V74*T74,IF(AND($W$22<200000,V74>=20),V74*S74,V74*R74))),IF($W$22>=200000,V74*T74,V74*R74)) -> 0 | Y74: Выдача октябрь-ноябрь 2026 | AC74: =IF(V74/Q74=0,"",IF(MOD(V74,Q74)>0,"ОШИБКА!!! неверная кратность на сорт",""))
D75: 15 | F75: руб | G75: ОКС_ Гортензии | H75: Гортензия метельчатая | I75: Hydrangea paniculata | J75: Prim's Red | K75: BR 0+1+1 5-6 tak | P75: RUS | Q75: 25 | R75: 141 | S75: 120 | T75: 120 | U75: 120 | W75: =R75*V75 -> 0 | X75: =IF(S75<>"",IF(AND($W$22>=200000,V75>=20),V75*U75,IF(AND($W$22>=200000,V75<20),V75*T75,IF(AND($W$22<200000,V75>=20),V75*S75,V75*R75))),IF($W$22>=200000,V75*T75,V75*R75)) -> 0 | Y75: Выдача октябрь-ноябрь 2026 | AC75: =IF(V75/Q75=0,"",IF(MOD(V75,Q75)>0,"ОШИБКА!!! неверная кратность на сорт",""))
C76: 46-38-15990 | D76: 10 | F76: руб | G76: ОКС_ Гортензии | H76: Гортензия метельчатая | I76: Hydrangea paniculata | J76: Raspberry pink | K76: BR 0+1+1 1-2 tak | P76: RUS | Q76: 25 | R76: 115 | S76: 98 | T76: 98 | U76: 98 | W76: =R76*V76 -> 0 | X76: =IF(S76<>"",IF(AND($W$22>=200000,V76>=20),V76*U76,IF(AND($W$22>=200000,V76<20),V76*T76,IF(AND($W$22<200000,V76>=20),V76*S76,V76*R76))),IF($W$22>=200000,V76*T76,V76*R76)) -> 0 | Y76: Выдача октябрь-ноябрь 2026 | AC76: =IF(V76/Q76=0,"",IF(MOD(V76,Q76)>0,"ОШИБКА!!! неверная кратность на сорт",""))
D77: 19 | F77: руб | G77: ОКС_ Гортензии | H77: Гортензия метельчатая | I77: Hydrangea paniculata | J77: Raspberry pink | K77: BR 0+1+1 3-4 tak | P77: RUS | Q77: 25 | R77: 135 | S77: 115 | T77: 115 | U77: 115 | W77: =R77*V77 -> 0 | X77: =IF(S77<>"",IF(AND($W$22>=200000,V77>=20),V77*U77,IF(AND($W$22>=200000,V77<20),V77*T77,IF(AND($W$22<200000,V77>=20),V77*S77,V77*R77))),IF($W$22>=200000,V77*T77,V77*R77)) -> 0 | Y77: Выдача октябрь-ноябрь 2026 | AC77: =IF(V77/Q77=0,"",IF(MOD(V77,Q77)>0,"ОШИБКА!!! неверная кратность на сорт",""))
D78: 10 | F78: руб | G78: ОКС_ Гортензии | H78: Гортензия метельчатая | I78: Hydrangea paniculata | J78: Raspberry pink | K78: BR 0+1+1 5-6 tak | P78: RUS | Q78: 25 | R78: 141 | S78: 120 | T78: 120 | U78: 120 | W78: =R78*V78 -> 0 | X78: =IF(S78<>"",IF(AND($W$22>=200000,V78>=20),V78*U78,IF(AND($W$22>=200000,V78<20),V78*T78,IF(AND($W$22<200000,V78>=20),V78*S78,V78*R78))),IF($W$22>=200000,V78*T78,V78*R78)) -> 0 | Y78: Выдача октябрь-ноябрь 2026 | AC78: =IF(V78/Q78=0,"",IF(MOD(V78,Q78)>0,"ОШИБКА!!! неверная кратность на сорт",""))
C79: 46-38-14794 | D79: 548 | F79: руб | G79: ОКС_ Гортензии | H79: Гортензия метельчатая | I79: Hydrangea paniculata | J79: Samarskya Lydia | K79: BR 0+1+1 1-2 tak | P79: RUS | Q79: 25 | R79: 115 | S79: 98 | T79: 98 | U79: 98 | W79: =R79*V79 -> 0 | X79: =IF(S79<>"",IF(AND($W$22>=200000,V79>=20),V79*U79,IF(AND($W$22>=200000,V79<20),V79*T79,IF(AND($W$22<200000,V79>=20),V79*S79,V79*R79))),IF($W$22>=200000,V79*T79,V79*R79)) -> 0 | Y79: Выдача октябрь-ноябрь 2026 | AC79: =IF(V79/Q79=0,"",IF(MOD(V79,Q79)>0,"ОШИБКА!!! неверная кратность на сорт",""))
D80: 1096 | F80: руб | G80: ОКС_ Гортензии | H80: Гортензия метельчатая | I80: Hydrangea paniculata | J80: Samarskya Lydia | K80: BR 0+1+1 3-4 tak | P80: RUS | Q80: 25 | R80: 135 | S80: 115 | T80: 115 | U80: 115 | W80: =R80*V80 -> 0 | X80: =IF(S80<>"",IF(AND($W$22>=200000,V80>=20),V80*U80,IF(AND($W$22>=200000,V80<20),V80*T80,IF(AND($W$22<200000,V80>=20),V80*S80,V80*R80))),IF($W$22>=200000,V80*T80,V80*R80)) -> 0 | Y80: Выдача октябрь-ноябрь 2026 | AC80: =IF(V80/Q80=0,"",IF(MOD(V80,Q80)>0,"ОШИБКА!!! неверная кратность на сорт",""))
D81: 548 | F81: руб | G81: ОКС_ Гортензии | H81: Гортензия метельчатая | I81: Hydrangea paniculata | J81: Samarskya Lydia | K81: BR 0+1+1 5-6 tak | P81: RUS | Q81: 25 | R81: 141 | S81: 120 | T81: 120 | U81: 120 | W81: =R81*V81 -> 0 | X81: =IF(S81<>"",IF(AND($W$22>=200000,V81>=20),V81*U81,IF(AND($W$22>=200000,V81<20),V81*T81,IF(AND($W$22<200000,V81>=20),V81*S81,V81*R81))),IF($W$22>=200000,V81*T81,V81*R81)) -> 0 | Y81: Выдача октябрь-ноябрь 2026 | AC81: =IF(V81/Q81=0,"",IF(MOD(V81,Q81)>0,"ОШИБКА!!! неверная кратность на сорт",""))
C82: 46-38-15513 | D82: 32 | F82: руб | G82: ОКС_ Гортензии | H82: Гортензия метельчатая | I82: Hydrangea paniculata | J82: Selection | K82: BR 0+1+1 2 tak | P82: RUS | Q82: 25 | R82: 115 | S82: 98 | T82: 98 | U82: 98 | W82: =R82*V82 -> 0 | X82: =IF(S82<>"",IF(AND($W$22>=200000,V82>=20),V82*U82,IF(AND($W$22>=200000,V82<20),V82*T82,IF(AND($W$22<200000,V82>=20),V82*S82,V82*R82))),IF($W$22>=200000,V82*T82,V82*R82)) -> 0 | Y82: Выдача октябрь-ноябрь 2026 | AC82: =IF(V82/Q82=0,"",IF(MOD(V82,Q82)>0,"ОШИБКА!!! неверная кратность на сорт",""))
D83: 64 | F83: руб | G83: ОКС_ Гортензии | H83: Гортензия метельчатая | I83: Hydrangea paniculata | J83: Selection | K83: BR 0+1+1 3-4 tak | P83: RUS | Q83: 25 | R83: 135 | S83: 115 | T83: 115 | U83: 115 | W83: =R83*V83 -> 0 | X83: =IF(S83<>"",IF(AND($W$22>=200000,V83>=20),V83*U83,IF(AND($W$22>=200000,V83<20),V83*T83,IF(AND($W$22<200000,V83>=20),V83*S83,V83*R83))),IF($W$22>=200000,V83*T83,V83*R83)) -> 0 | Y83: Выдача октябрь-ноябрь 2026 | AC83: =IF(V83/Q83=0,"",IF(MOD(V83,Q83)>0,"ОШИБКА!!! неверная кратность на сорт",""))
D84: 32 | F84: руб | G84: ОКС_ Гортензии | H84: Гортензия метельчатая | I84: Hydrangea paniculata | J84: Selection | K84: BR 0+1+1 5-6 tak | P84: RUS | Q84: 25 | R84: 141 | S84: 120 | T84: 120 | U84: 120 | W84: =R84*V84 -> 0 | X84: =IF(S84<>"",IF(AND($W$22>=200000,V84>=20),V84*U84,IF(AND($W$22>=200000,V84<20),V84*T84,IF(AND($W$22<200000,V84>=20),V84*S84,V84*R84))),IF($W$22>=200000,V84*T84,V84*R84)) -> 0 | Y84: Выдача октябрь-ноябрь 2026 | AC84: =IF(V84/Q84=0,"",IF(MOD(V84,Q84)>0,"ОШИБКА!!! неверная кратность на сорт",""))
C85: 46-38-14601 | D85: 18 | F85: руб | G85: ОКС_ Гортензии | H85: Гортензия метельчатая | I85: Hydrangea paniculata | J85: Summer snow | K85: BR 0+1+1 1-2 tak | P85: RUS | Q85: 25 | R85: 115 | S85: 98 | T85: 98 | U85: 98 | W85: =R85*V85 -> 0 | X85: =IF(S85<>"",IF(AND($W$22>=200000,V85>=20),V85*U85,IF(AND($W$22>=200000,V85<20),V85*T85,IF(AND($W$22<200000,V85>=20),V85*S85,V85*R85))),IF($W$22>=200000,V85*T85,V85*R85)) -> 0 | Y85: Выдача октябрь-ноябрь 2026 | AC85: =IF(V85/Q85=0,"",IF(MOD(V85,Q85)>0,"ОШИБКА!!! неверная кратность на сорт",""))
D86: 35 | F86: руб | G86: ОКС_ Гортензии | H86: Гортензия метельчатая | I86: Hydrangea paniculata | J86: Summer snow | K86: BR 0+1+1 3-4 tak | P86: RUS | Q86: 25 | R86: 135 | S86: 115 | T86: 115 | U86: 115 | W86: =R86*V86 -> 0 | X86: =IF(S86<>"",IF(AND($W$22>=200000,V86>=20),V86*U86,IF(AND($W$22>=200000,V86<20),V86*T86,IF(AND($W$22<200000,V86>=20),V86*S86,V86*R86))),IF($W$22>=200000,V86*T86,V86*R86)) -> 0 | Y86: Выдача октябрь-ноябрь 2026 | AC86: =IF(V86/Q86=0,"",IF(MOD(V86,Q86)>0,"ОШИБКА!!! неверная кратность на сорт",""))
D87: 18 | F87: руб | G87: ОКС_ Гортензии | H87: Гортензия метельчатая | I87: Hydrangea paniculata | J87: Summer snow | K87: BR 0+1+1 5-6 tak | P87: RUS | Q87: 25 | R87: 141 | S87: 120 | T87: 120 | U87: 120 | W87: =R87*V87 -> 0 | X87: =IF(S87<>"",IF(AND($W$22>=200000,V87>=20),V87*U87,IF(AND($W$22>=200000,V87<20),V87*T87,IF(AND($W$22<200000,V87>=20),V87*S87,V87*R87))),IF($W$22>=200000,V87*T87,V87*R87)) -> 0 | Y87: Выдача октябрь-ноябрь 2026 | AC87: =IF(V87/Q87=0,"",IF(MOD(V87,Q87)>0,"ОШИБКА!!! неверная кратность на сорт",""))
C88: 46-38-12093 | D88: 130 | F88: руб | G88: ОКС_ Гортензии | H88: Гортензия метельчатая | I88: Hydrangea paniculata | J88: Sundae Fraise | K88: BR 0+1+1 1-2 tak | P88: RUS | Q88: 25 | R88: 115 | S88: 98 | T88: 98 | U88: 98 | W88: =R88*V88 -> 0 | X88: =IF(S88<>"",IF(AND($W$22>=200000,V88>=20),V88*U88,IF(AND($W$22>=200000,V88<20),V88*T88,IF(AND($W$22<200000,V88>=20),V88*S88,V88*R88))),IF($W$22>=200000,V88*T88,V88*R88)) -> 0 | Y88: Выдача октябрь-ноябрь 2026 | AC88: =IF(V88/Q88=0,"",IF(MOD(V88,Q88)>0,"ОШИБКА!!! неверная кратность на сорт",""))
D89: 259 | F89: руб | G89: ОКС_ Гортензии | H89: Гортензия метельчатая | I89: Hydrangea paniculata | J89: Sundae Fraise | K89: BR 0+1+1 3-4 tak | P89: RUS | Q89: 25 | R89: 135 | S89: 115 | T89: 115 | U89: 115 | W89: =R89*V89 -> 0 | X89: =IF(S89<>"",IF(AND($W$22>=200000,V89>=20),V89*U89,IF(AND($W$22>=200000,V89<20),V89*T89,IF(AND($W$22<200000,V89>=20),V89*S89,V89*R89))),IF($W$22>=200000,V89*T89,V89*R89)) -> 0 | Y89: Выдача октябрь-ноябрь 2026 | AC89: =IF(V89/Q89=0,"",IF(MOD(V89,Q89)>0,"ОШИБКА!!! неверная кратность на сорт",""))
D90: 130 | F90: руб | G90: ОКС_ Гортензии | H90: Гортензия метельчатая | I90: Hydrangea paniculata | J90: Sundae Fraise | K90: BR 0+1+1 5-6 tak | P90: RUS | Q90: 25 | R90: 141 | S90: 120 | T90: 120 | U90: 120 | W90: =R90*V90 -> 0 | X90: =IF(S90<>"",IF(AND($W$22>=200000,V90>=20),V90*U90,IF(AND($W$22>=200000,V90<20),V90*T90,IF(AND($W$22<200000,V90>=20),V90*S90,V90*R90))),IF($W$22>=200000,V90*T90,V90*R90)) -> 0 | Y90: Выдача октябрь-ноябрь 2026 | AC90: =IF(V90/Q90=0,"",IF(MOD(V90,Q90)>0,"ОШИБКА!!! неверная кратность на сорт",""))
C91: 46-38-10968 | D91: 79 | F91: руб | G91: ОКС_ Гортензии | H91: Гортензия метельчатая | I91: Hydrangea paniculata | J91: Tardiva | K91: BR 0+1+1 1-2 tak | P91: RUS | Q91: 25 | R91: 115 | S91: 98 | T91: 98 | U91: 98 | W91: =R91*V91 -> 0 | X91: =IF(S91<>"",IF(AND($W$22>=200000,V91>=20),V91*U91,IF(AND($W$22>=200000,V91<20),V91*T91,IF(AND($W$22<200000,V91>=20),V91*S91,V91*R91))),IF($W$22>=200000,V91*T91,V91*R91)) -> 0 | Y91: Выдача октябрь-ноябрь 2026 | AC91: =IF(V91/Q91=0,"",IF(MOD(V91,Q91)>0,"ОШИБКА!!! неверная кратность на сорт",""))
D92: 159 | F92: руб | G92: ОКС_ Гортензии | H92: Гортензия метельчатая | I92: Hydrangea paniculata | J92: Tardiva | K92: BR 0+1+1 3-4 tak | P92: RUS | Q92: 25 | R92: 135 | S92: 115 | T92: 115 | U92: 115 | W92: =R92*V92 -> 0 | X92: =IF(S92<>"",IF(AND($W$22>=200000,V92>=20),V92*U92,IF(AND($W$22>=200000,V92<20),V92*T92,IF(AND($W$22<200000,V92>=20),V92*S92,V92*R92))),IF($W$22>=200000,V92*T92,V92*R92)) -> 0 | Y92: Выдача октябрь-ноябрь 2026 | AC92: =IF(V92/Q92=0,"",IF(MOD(V92,Q92)>0,"ОШИБКА!!! неверная кратность на сорт",""))
D93: 79 | F93: руб | G93: ОКС_ Гортензии | H93: Гортензия метельчатая | I93: Hydrangea paniculata | J93: Tardiva | K93: BR 0+1+1 5-6 tak | P93: RUS | Q93: 25 | R93: 141 | S93: 120 | T93: 120 | U93: 120 | W93: =R93*V93 -> 0 | X93: =IF(S93<>"",IF(AND($W$22>=200000,V93>=20),V93*U93,IF(AND($W$22>=200000,V93<20),V93*T93,IF(AND($W$22<200000,V93>=20),V93*S93,V93*R93))),IF($W$22>=200000,V93*T93,V93*R93)) -> 0 | Y93: Выдача октябрь-ноябрь 2026 | AC93: =IF(V93/Q93=0,"",IF(MOD(V93,Q93)>0,"ОШИБКА!!! неверная кратность на сорт",""))
C94: 46-38-14606 | D94: 47 | F94: руб | G94: ОКС_ Гортензии | H94: Гортензия метельчатая | I94: Hydrangea paniculata | J94: Touch of pink | K94: BR 0+1+1 1-2 tak | P94: RUS | Q94: 25 | R94: 115 | S94: 98 | T94: 98 | U94: 98 | W94: =R94*V94 -> 0 | X94: =IF(S94<>"",IF(AND($W$22>=200000,V94>=20),V94*U94,IF(AND($W$22>=200000,V94<20),V94*T94,IF(AND($W$22<200000,V94>=20),V94*S94,V94*R94))),IF($W$22>=200000,V94*T94,V94*R94)) -> 0 | Y94: Выдача октябрь-ноябрь 2026 | AC94: =IF(V94/Q94=0,"",IF(MOD(V94,Q94)>0,"ОШИБКА!!! неверная кратность на сорт",""))
D95: 94 | F95: руб | G95: ОКС_ Гортензии | H95: Гортензия метельчатая | I95: Hydrangea paniculata | J95: Touch of pink | K95: BR 0+1+1 3-4 tak | P95: RUS | Q95: 25 | R95: 135 | S95: 115 | T95: 115 | U95: 115 | W95: =R95*V95 -> 0 | X95: =IF(S95<>"",IF(AND($W$22>=200000,V95>=20),V95*U95,IF(AND($W$22>=200000,V95<20),V95*T95,IF(AND($W$22<200000,V95>=20),V95*S95,V95*R95))),IF($W$22>=200000,V95*T95,V95*R95)) -> 0 | Y95: Выдача октябрь-ноябрь 2026 | AC95: =IF(V95/Q95=0,"",IF(MOD(V95,Q95)>0,"ОШИБКА!!! неверная кратность на сорт",""))
D96: 47 | F96: руб | G96: ОКС_ Гортензии | H96: Гортензия метельчатая | I96: Hydrangea paniculata | J96: Touch of pink | K96: BR 0+1+1 5-6 tak | P96: RUS | Q96: 25 | R96: 141 | S96: 120 | T96: 120 | U96: 120 | W96: =R96*V96 -> 0 | X96: =IF(S96<>"",IF(AND($W$22>=200000,V96>=20),V96*U96,IF(AND($W$22>=200000,V96<20),V96*T96,IF(AND($W$22<200000,V96>=20),V96*S96,V96*R96))),IF($W$22>=200000,V96*T96,V96*R96)) -> 0 | Y96: Выдача октябрь-ноябрь 2026 | AC96: =IF(V96/Q96=0,"",IF(MOD(V96,Q96)>0,"ОШИБКА!!! неверная кратность на сорт",""))
C97: 46-38-10842 | D97: 746 | F97: руб | G97: ОКС_ Гортензии | H97: Гортензия метельчатая | I97: Hydrangea paniculata | J97: Vanille Fraise | K97: BR 0+1+1 1-2 tak | P97: RUS | Q97: 25 | R97: 115 | S97: 98 | T97: 98 | U97: 98 | W97: =R97*V97 -> 0 | X97: =IF(S97<>"",IF(AND($W$22>=200000,V97>=20),V97*U97,IF(AND($W$22>=200000,V97<20),V97*T97,IF(AND($W$22<200000,V97>=20),V97*S97,V97*R97))),IF($W$22>=200000,V97*T97,V97*R97)) -> 0 | Y97: Выдача октябрь-ноябрь 2026 | AC97: =IF(V97/Q97=0,"",IF(MOD(V97,Q97)>0,"ОШИБКА!!! неверная кратность на сорт",""))
D98: 1492 | F98: руб | G98: ОКС_ Гортензии | H98: Гортензия метельчатая | I98: Hydrangea paniculata | J98: Vanille Fraise | K98: BR 0+1+1 3-4 tak | P98: RUS | Q98: 25 | R98: 135 | S98: 115 | T98: 115 | U98: 115 | W98: =R98*V98 -> 0 | X98: =IF(S98<>"",IF(AND($W$22>=200000,V98>=20),V98*U98,IF(AND($W$22>=200000,V98<20),V98*T98,IF(AND($W$22<200000,V98>=20),V98*S98,V98*R98))),IF($W$22>=200000,V98*T98,V98*R98)) -> 0 | Y98: Выдача октябрь-ноябрь 2026 | AC98: =IF(V98/Q98=0,"",IF(MOD(V98,Q98)>0,"ОШИБКА!!! неверная кратность на сорт",""))
D99: 746 | F99: руб | G99: ОКС_ Гортензии | H99: Гортензия метельчатая | I99: Hydrangea paniculata | J99: Vanille Fraise | K99: BR 0+1+1 5-6 tak | P99: RUS | Q99: 25 | R99: 141 | S99: 120 | T99: 120 | U99: 120 | W99: =R99*V99 -> 0 | X99: =IF(S99<>"",IF(AND($W$22>=200000,V99>=20),V99*U99,IF(AND($W$22>=200000,V99<20),V99*T99,IF(AND($W$22<200000,V99>=20),V99*S99,V99*R99))),IF($W$22>=200000,V99*T99,V99*R99)) -> 0 | Y99: Выдача октябрь-ноябрь 2026 | AC99: =IF(V99/Q99=0,"",IF(MOD(V99,Q99)>0,"ОШИБКА!!! неверная кратность на сорт",""))
C100: 46-38-10840 | D100: 46 | F100: руб | G100: ОКС_ Гортензии | H100: Гортензия метельчатая | I100: Hydrangea paniculata | J100: Wim's Red | K100: BR 0+1+1 1-2 tak | P100: RUS | Q100: 25 | R100: 115 | S100: 98 | T100: 98 | U100: 98 | W100: =R100*V100 -> 0 | X100: =IF(S100<>"",IF(AND($W$22>=200000,V100>=20),V100*U100,IF(AND($W$22>=200000,V100<20),V100*T100,IF(AND($W$22<200000,V100>=20),V100*S100,V100*R100))),IF($W$22>=200000,V100*T100,V100*R100)) -> 0 | Y100: Выдача октябрь-ноябрь 2026 | AC100: =IF(V100/Q100=0,"",IF(MOD(V100,Q100)>0,"ОШИБКА!!! неверная кратность на сорт",""))
D101: 93 | F101: руб | G101: ОКС_ Гортензии | H101: Гортензия метельчатая | I101: Hydrangea paniculata | J101: Wim's Red | K101: BR 0+1+1 3-4 tak | P101: RUS | Q101: 25 | R101: 135 | S101: 115 | T101: 115 | U101: 115 | W101: =R101*V101 -> 0 | X101: =IF(S101<>"",IF(AND($W$22>=200000,V101>=20),V101*U101,IF(AND($W$22>=200000,V101<20),V101*T101,IF(AND($W$22<200000,V101>=20),V101*S101,V101*R101))),IF($W$22>=200000,V101*T101,V101*R101)) -> 0 | Y101: Выдача октябрь-ноябрь 2026 | AC101: =IF(V101/Q101=0,"",IF(MOD(V101,Q101)>0,"ОШИБКА!!! неверная кратность на сорт",""))
D102: 46 | F102: руб | G102: ОКС_ Гортензии | H102: Гортензия метельчатая | I102: Hydrangea paniculata | J102: Wim's Red | K102: BR 0+1+1 5-6 tak | P102: RUS | Q102: 25 | R102: 141 | S102: 120 | T102: 120 | U102: 120 | W102: =R102*V102 -> 0 | X102: =IF(S102<>"",IF(AND($W$22>=200000,V102>=20),V102*U102,IF(AND($W$22>=200000,V102<20),V102*T102,IF(AND($W$22<200000,V102>=20),V102*S102,V102*R102))),IF($W$22>=200000,V102*T102,V102*R102)) -> 0 | Y102: Выдача октябрь-ноябрь 2026 | AC102: =IF(V102/Q102=0,"",IF(MOD(V102,Q102)>0,"ОШИБКА!!! неверная кратность на сорт",""))
C103: * | G103: ОКС_ Многолетние растения
C104: 46-38-13972 | D104: 465 | F104: руб | G104: ОКС_ Многолетние растения | H104: Аквилегия/Водосбор/Орлики | I104: Aquilegia | J104: Nora Barlow | K104: BR | P104: RUS | Q104: 25 | R104: 87 | S104: 84 | T104: 79 | U104: 75 | W104: =R104*V104 -> 0 | X104: =IF(S104<>"",IF(AND($W$22>=200000,V104>=20),V104*U104,IF(AND($W$22>=200000,V104<20),V104*T104,IF(AND($W$22<200000,V104>=20),V104*S104,V104*R104))),IF($W$22>=200000,V104*T104,V104*R104)) -> 0 | Y104: Выдача октябрь-ноябрь 2026 | AC104: =IF(V104/Q104=0,"",IF(MOD(V104,Q104)>0,"ОШИБКА!!! неверная кратность на сорт",""))
C105: 46-38-10022 | D105: 18 | F105: руб | G105: ОКС_ Многолетние растения | H105: Аквилегия/Водосбор/Орлики | I105: Aquilegia | J105: Black Barlow | K105: BR | P105: RUS | Q105: 25 | R105: 87 | S105: 84 | T105: 79 | U105: 75 | W105: =R105*V105 -> 0 | X105: =IF(S105<>"",IF(AND($W$22>=200000,V105>=20),V105*U105,IF(AND($W$22>=200000,V105<20),V105*T105,IF(AND($W$22<200000,V105>=20),V105*S105,V105*R105))),IF($W$22>=200000,V105*T105,V105*R105)) -> 0 | Y105: Выдача октябрь-ноябрь 2026 | AC105: =IF(V105/Q105=0,"",IF(MOD(V105,Q105)>0,"ОШИБКА!!! неверная кратность на сорт",""))
C106: 46-38-13977 | D106: 657 | F106: руб | G106: ОКС_ Многолетние растения | H106: Аконит/Борец кармихеля | I106: Aconitum carmichaelii | J106: Arendsii | K106: BR | P106: RUS | Q106: 25 | R106: 87 | S106: 84 | T106: 79 | U106: 75 | W106: =R106*V106 -> 0 | X106: =IF(S106<>"",IF(AND($W$22>=200000,V106>=20),V106*U106,IF(AND($W$22>=200000,V106<20),V106*T106,IF(AND($W$22<200000,V106>=20),V106*S106,V106*R106))),IF($W$22>=200000,V106*T106,V106*R106)) -> 0 | Y106: Выдача октябрь-ноябрь 2026 | AC106: =IF(V106/Q106=0,"",IF(MOD(V106,Q106)>0,"ОШИБКА!!! неверная кратность на сорт",""))
...
